Workbook
Name \P: #REF!
Name \P: #REF!
Name \P: #REF!
Name _TAB5: [1]J:K!$A$35:$L$47
Name a: #REF!
Name aaa: [1]results!#REF!
Name aaaa: [1]results!#REF!
Name Annual_Avoid_Cost: [1]results!#REF!
Name Annual_avoided_cost: #REF!
Name Annual_Savings: #REF!
Name ap: [1]results!#REF!
Name avoid_cost: #REF!
Name B_LOAD: #REF!
Name B_LOAD: #REF!
Name B_LOAD: #REF!
Name BASE: #REF!
Name baseinc: '[2]Use per DD'!#REF!
Name baseinc: '[2]Use per DD'!#REF!
Name baseinc: '[2]Use per DD'!#REF!
Name CER: #REF!
Name CNC: #REF!
Name CP_Labor: #REF!
Name CSR: #REF!
Name CurrentYr1: [3]Ref!$E$35
Name CurrentYr2: [3]Ref!$E$36
Name CurrentYr3: [3]Ref!$E$37
Name CURTAIL: #REF!
Name CURTAIL: #REF!
Name Date_of_Filing: [3]Ref!$E$9
Name dd: [1]results!#REF!
Name Dist_Comp: [3]Ref!$E$7
Name ECM_Database: #REF!
Name Enduse_Lookup: #REF!
Name FB_LOAD: #REF!
Name FB_LOAD: #REF!
Name FH_FACTOR: #REF!
Name FH_FACTOR: #REF!
Name GNP: [1]M!$H$3
Name H_FACTOR: #REF!
Name H_FACTOR: #REF!
Name IB_LOAD: #REF!
Name IB_LOAD: #REF!
Name IH_FACTOR: #REF!
Name IH_FACTOR: #REF!
Name JG_Labor: #REF!
Name JSP_Labor: #REF!
Name KH_Labor: #REF!
Name MAR_Labor: #REF!
Name Measure_Lookup: #REF!
Name Measure_Screening: #REF!
Name MJP_Labor: #REF!
Name MONTHLY: #REF!
Name MONTHLY: #REF!
Name NOM_DR: [1]M!$H$4
Name PA: [3]Ref!$E$8
Name PAGE1: #REF!
Name PAGE1: #REF!
Name PAGE10: #REF!
Name PAGE10: #REF!
Name PAGE11: #REF!

Sheet Proposed CY 2017 rate
A2: Volumetric Rate Development for energy (Mcf)
C4: Forecasted | D4: Forecasted | E4: GEEC To Be | F4: RATE | G4: Final Rates with GRT and WT adj | H4: GEEC Projected Revenues | I4: Class Share GEEC Revenues | K4: Current GEEC Rates
C5: 2017 | D5: 2017 | E5: Billed | F5: per Mcf
B6: % of Total Revenue | C6: Mcf | D6: Revenue | E6: By Rate Class | F6: w/o Tax
A8: Residential | B8: ='CY 2019-2020 forecast'!#REF! -> #REF! | C8: ='CY 2019-2020 forecast'!#REF! -> #REF! | D8: ='CY 2019-2020 forecast'!#REF! -> #REF! | E8: =B8*$B$19 -> #REF! | F8: =+E8/C8 -> #REF! | G8: =+F8/0.9895 -> #REF! | H8: =+G8*C8 -> #REF! | I8: =H8/$H$14 -> #REF! | K8: 0.0453 | L8: =(G8/10)/K8-1 -> #REF!
A9: G1 Class | B9: ='CY 2019-2020 forecast'!#REF! -> #REF! | C9: ='CY 2019-2020 forecast'!#REF! -> #REF! | D9: ='CY 2019-2020 forecast'!#REF! -> #REF! | E9: =B9*$B$19 -> #REF! | F9: =+E9/C9 -> #REF! | G9: =+F9/0.9895 -> #REF! | H9: =+G9*C9 -> #REF! | I9: =H9/$H$14 -> #REF! | K9: 0.0428 | L9: =(G9/10)/K9-1 -> #REF!
A10: G2 Class | B10: ='CY 2019-2020 forecast'!#REF! -> #REF! | C10: ='CY 2019-2020 forecast'!#REF! -> #REF! | D10: ='CY 2019-2020 forecast'!#REF! -> #REF! | E10: =B10*$B$19 -> #REF! | F10: =+E10/C10 -> #REF! | G10: =+F10/0.9895 -> #REF! | H10: =+G10*C10 -> #REF! | I10: =H10/$H$14 -> #REF! | K10: 0.0332 | L10: =(G10/10)/K10-1 -> #REF!
A11: G3 Class | B11: ='CY 2019-2020 forecast'!#REF! -> #REF! | C11: ='CY 2019-2020 forecast'!#REF! -> #REF! | D11: ='CY 2019-2020 forecast'!#REF! -> #REF! | E11: =B11*$B$19 -> #REF! | F11: =+E11/C11 -> #REF! | G11: =+F11/0.9895 -> #REF! | H11: =+G11*C11 -> #REF! | I11: =H11/$H$14 -> #REF! | K11: 0.0334 | L11: =(G11/10)/K11-1 -> #REF!
A12: G4 Class | B12: ='CY 2019-2020 forecast'!#REF! -> #REF! | C12: ='CY 2019-2020 forecast'!#REF! -> #REF! | D12: ='CY 2019-2020 forecast'!#REF! -> #REF! | E12: =B12*$B$19 -> #REF! | F12: =+E12/C12 -> #REF! | G12: =+F12/0.9895 -> #REF! | H12: =+G12*C12 -> #REF! | I12: =H12/$H$14 -> #REF! | K12: 0.0258 | L12: =(G12/10)/K12-1 -> #REF!
A13: Interruptible | B13: ='CY 2019-2020 forecast'!#REF! -> #REF! | C13: ='CY 2019-2020 forecast'!#REF! -> #REF! | D13: ='CY 2019-2020 forecast'!#REF! -> #REF! | E13: =B13*$B$19 -> #REF! | F13: =+E13/C13 -> #REF! | G13: =+F13/0.9895 -> #REF! | H13: =+G13*C13 -> #REF! | I13: =H13/$H$14 -> #REF! | K13: 0.0186 | L13: =(G13/10)/K13-1 -> #REF!
B14: =SUM(B8:B13) -> #REF! | C14: =SUM(C8:C13) -> #REF! | D14: =SUM(D8:D13) -> #REF! | E14: =SUM(E8:E13) -> #REF! | F14: =+E14/C14 -> #REF! | G14: =+F14/0.992 -> #REF! | H14: =SUM(H8:H13) -> #REF!
A17: EEU budget CY 2017 | B17: 3221755
A18: Under Collections 2016 | B18: =-'EEU balance'!I15 -> 0
A19: Revenue Requirements CY 2017 | B19: =B17+B18 -> 3221755
B20: =B19/0.9895 -> 3255942.4
A23: WX tax Adjustment (formula=rate w/o tax/.9895)

Sheet Prop EEC 2021 Rates VGS
A1: Attachment: VGS Proposed 2021 EEC rates | H1: VGS Proposal
B2: Forecasted 2021 Mcf | C2: Current GEEC Rates | D2: Projected GEEC Revenues at Current Rates | E2: Class Share GEEC Revenues at Current Rates | F2: GEEC To Be Billed by Rate Class | G2: Proposed GEEC Rates per MCf | H2: Proposed GEEC Rates per CCf | I2: Percent Change GEEC
L5: Projected Avg | M5: Projected Avg | P5: EEC 2021 Proposed
L6: # customers | M6: Mcf/Part | N6: EEC Current | O6: EEC 20201 Proposed | P6: Annual Variance | Q6: Monthly Variance
A7: Residential | B7: ='CY 2019-2020 forecast'!AR20-'AVG Liap customers'!C24 -> 3814078.4 | C7: ='VGS rates'!AX7 -> 0.048 | D7: =C7*B7*10 -> 1830757.6 | E7: =D7/$D$14 -> 0.5239697 | F7: =E7*$C$29 -> 1886899.1 | G7: =ROUND(F7/B7,4) -> 0.4947 | H7: =G7/10 -> 0.04947 | I7: =H7/C7-1 -> 0.030625 | L7: ='CY 2019-2020 forecast'!AR33-2043 -> 45961.917 | M7: =B7/L7 -> 82.98345 | N7: =M7*10*C7 -> 39.832056 | O7: =$M7*10*$H7 -> 41.051913 | P7: =O7-N7 -> 1.2198567 | Q7: =P7/12 -> 0.10165473
A8: Low Income | B8: ='AVG Liap customers'!C24 -> 189266.6 | C8: =C7*0.8 -> 0.0384 | D8: =C8*B8*10 -> 72678.374 | E8: =D8/$D$14 -> 0.020800823 | F8: =E8*$C$29 -> 74907.108 | G8: =ROUND(F8/B8,4) -> 0.3958 | H8: =G8/10 -> 0.03958 | I8: =H8/C8-1 -> 0.030729167 | L8: 2043 | M8: =B8/L8 -> 92.641507 | N8: =M8*10*C8 -> 35.574339 | O8: =$M8*10*$H8 -> 36.667508 | P8: =O8-N8 -> 1.0931698 | Q8: =P8/12 -> 0.091097482
A9: G1 Class | B9: ='CY 2019-2020 forecast'!AR21 -> 625765 | C9: ='VGS rates'!AX14 -> 0.0454 | D9: =C9*B9*10 -> 284097.31 | E9: =D9/$D$14 -> 0.081309716 | F9: =E9*$C$29 -> 292809.36 | G9: =ROUND(F9/B9,4) -> 0.4679 | H9: =G9/10 -> 0.04679 | I9: =H9/C9-1 -> 0.03061674 | L9: ='CY 2019-2020 forecast'!AR34 -> 4025.75 | M9: =B9/L9 -> 155.4406 | N9: =M9*10*C9 -> 70.570033 | O9: =$M9*10*$H9 -> 72.730657 | P9: =O9-N9 -> 2.1606244 | Q9: =P9/12 -> 0.18005203
A10: G2 Class | B10: ='CY 2019-2020 forecast'!AR22 -> 202541 | C10: ='VGS rates'!AX21 -> 0.0352 | D10: =C10*B10*10 -> 71294.432 | E10: =D10/$D$14 -> 0.020404734 | F10: =E10*$C$29 -> 73480.726 | G10: =ROUND(F10/B10,4) -> 0.3628 | H10: =G10/10 -> 0.03628 | I10: =H10/C10-1 -> 0.030681818 | L10: ='CY 2019-2020 forecast'!AR35 -> 1030.4167 | M10: =B10/L10 -> 196.56223 | N10: =M10*10*C10 -> 69.189906 | O10: =$M10*10*$H10 -> 71.312778 | P10: =O10-N10 -> 2.1228721 | Q10: =P10/12 -> 0.17690601
A11: G3 Class | B11: ='CY 2019-2020 forecast'!AR23 -> 732801 | C11: ='VGS rates'!AX28 -> 0.0354 | D11: =C11*B11*10 -> 259411.55 | E11: =D11/$D$14 -> 0.07424456 | F11: =E11*$C$29 -> 267366.59 | G11: =ROUND(F11/B11,4) -> 0.3649 | H11: =G11/10 -> 0.03649 | I11: =H11/C11-1 -> 0.03079096 | L11: ='CY 2019-2020 forecast'!AR36 -> 501.5 | M11: =B11/L11 -> 1461.2183 | N11: =M11*10*C11 -> 517.27129 | O11: =$M11*10*$H11 -> 533.19857 | P11: =O11-N11 -> 15.92728 | Q11: =P11/12 -> 1.3272733
A12: G4 Class | B12: ='CY 2019-2020 forecast'!AR24 -> 1545171 | C12: ='VGS rates'!AX35 -> 0.0273 | D12: =C12*B12*10 -> 421831.68 | E12: =D12/$D$14 -> 0.12072981 | F12: =E12*$C$29 -> 434767.45 | G12: =ROUND(F12/B12,4) -> 0.2814 | H12: =G12/10 -> 0.02814 | I12: =H12/C12-1 -> 0.030769231 | L12: ='CY 2019-2020 forecast'!AR37 -> 554.5 | M12: =B12/L12 -> 2786.6023 | N12: =M12*10*C12 -> 760.74244 | O12: =$M12*10*$H12 -> 784.1499 | P12: =O12-N12 -> 23.40746 | Q12: =P12/12 -> 1.9506216
A13: Interruptible | B13: ='CY 2019-2020 forecast'!AR28 -> 2811895 | C13: 0.0197 | D13: =C13*B13*10 -> 553943.31 | E13: =D13/$D$14 -> 0.15854065 | F13: =E13*$C$29 -> 570930.38 | G13: =ROUND(F13/B13,4) -> 0.203 | H13: =G13/10 -> 0.0203 | I13: =H13/C13-1 -> 0.030456853 | L13: ='CY 2019-2020 forecast'!AR41 -> 41.916667 | M13: =B13/L13 -> 67082.982 | N13: =M13*10*C13 -> 13215.347 | O13: =$M13*10*$H13 -> 13617.845 | P13: =O13-N13 -> 402.49789 | Q13: =P13/12 -> 33.541491
A14: Totals | B14: =SUM(B7:B13) -> 9921518 | C14: =(B7*C7+B8*C8+B9*C9+B10*C10+B11*C11+B12*C12+B13*C13)/B14 -> 0.035216529 | D14: =SUM(D7:D13) -> 3494014.3 | E14: =SUM(E7:E13) -> 1 | F14: =SUM(F7:F13) -> 3601160.7 | G14: =ROUND(F14/B14,4) -> 0.363 | H14: =(B7*H7+B8*H8+B9*H9+B10*H10+B11*H11+B12*H12+B13*H13)/B14 -> 0.036295237 | I14: =H14/C14-1 -> 0.030630731
A17: VGS Proposed Budget 2021 | C17: ='PSD Budget Inves Totals 21-23'!B4 -> 4593333 | D17: VGS PUC order dated 10/22/2020 in case 19-3272-PET
A18: Give back per Case 20-2241 | C18: =-'Reallocation 2016-2017'!O34 -> -177840 | D18: VGS reallocation of leftover funds from prior reporting year case 20-2241
A19: Under Collections | C19: =-'EEU balance'!I78 -> 3592.7883
A20: CY2021 Funding requirements | C20: =SUM(C17:C19) -> 4419085.8
K21: 1205755 | L21: PUC approved level of investment
A22: VGS BAU EEU Natural Gas EEC FUND Collections 2021 | C22: =D14 -> 3494014.3 | D22: Projected fund collections at current rates (Business as Usual) | K22: =C18 -> -177840 | L22: Reallocation
A23: Difference to be Financed | C23: =C20-C22 -> 925071.49 | D23: Level of investment for 2021 (CY2021 Funding requirements - VGS BAU Collections) | K23: =C19 -> 3592.7883 | L23: Under collections
K24: ='PSD Budget Inves Totals 21-23'!B25-C22 -> -31436.745 | L24: Due to higher load we are collecting more
A25: Amorization of Difference to be Financed | C25: =C23/15 -> 61671.433 | D25: AMORTIZATION OF PRINCIPAL ONLY (level of financing divided by 15 years)
K26: =SUM(K22:K24) -> -205683.96
A27: Amount to be collected in EEC | C27: =C22+C25 -> 3555685.7 | D27: Fund collections plus principal on loan only | H27: =G27*0.081 -> 0 | K27: -75000 | L27: Principal in PSD included in Yr one investment - not needed for BAU allows loan amount to be reduced and also allows for more constant rate impact in 2022
A29: Total EEC Collection required for 2021 | C29: =C27/C31 -> 3601160.7 | D29: Adjusted for GRT and Weatherization | K29: =K21-C23 -> 280683.51
A31: Gross receipts tax | C31: =1/C32 -> 0.98737213 | D31: GRT increased to .00525 effective 7/1/19. DPS/PUC remains at .003. Wx .0075
A32: GRT times Wx | C32: =(1.00525*1.0075) -> 1.0127894
A35: Gross Receipts | D35: GRT .00525 effective 7/1/19
A36: Weatherization Tax | D36: Wx .0075

Sheet PSD Budget Inves Totals 21-23
A2: PSD Recommendations - VGS Budgets, EEC Collections, Investment Levels
B3: 2021 | C3: 2022 | D3: 2023 | E3: 2024 | F3: 2025 | G3: 2026 | H3: 2027 | I3: 2028 | J3: 2029 | K3: 2030
A4: Total VGS Budget | B4: 4593333 | C4: 5262600 | D4: 5765226 | E4: 6267878.3 | F4: 6270557 | G4: 5773262.6 | H4: 5275995.2 | I4: 4778755.2 | J4: 4531542.7 | K4: 4284358.2
A5: VGS Investment Level | B5: 1205755.4 | C5: 2006848.2 | D5: 2659473.5 | E5: 3398117.4 | F5: 3660721.7 | G5: 3336927.3 | H5: 2913286.9 | I5: 2414799.9 | J5: 2091465.5 | K5: 1693283.2
B7: 2031 | C7: 2032 | D7: 2033 | E7: 2034 | F7: 2035 | G7: 2036 | H7: 2037 | I7: 2038 | J7: 2039 | K7: 2040
A8: Total VGS Budget | B8: 4407201.8 | C8: 4533673.8 | D8: 4663882.5 | E8: 4797939.5 | F8: 4935959.6 | G8: 5078061.1 | H8: 5224365.9 | I8: 5374999.5 | J8: 5530091.1 | K8: 5689773.8
A9: VGS Investment Level | B9: 1645404 | C9: 1551248.3 | D9: 1435923.7 | E9: 1324541 | F9: 1167214.6 | G9: 914062.13 | H9: 665204.79 | I9: 320767.48 | J9: -0.13306955 | K9: 0.47710153
A11: PSD Budgets by Category
A13: By Category | B13: 44197 | C13: 44592 | D13: 44957 | E13: 45322 | F13: 45688 | G13: 46053 | H13: 46418 | I13: 46783 | J13: 47149 | K13: 47514 | L13: 47879 | M13: 48244 | N13: 48610 | O13: 48975 | P13: 49340 | Q13: 49705 | R13: 50071 | S13: 50436 | T13: 50801 | U13: 51166
A14: RA | B14: 4047752.8 | C14: 4731869.8 | D14: 5332595.8 | E14: 5780669.7 | F14: 5651563.5 | G14: 5286803 | H14: 4760966.2 | I14: 4159325.9 | J14: 4017204.1 | K14: 3770899 | L14: 3757159.1 | M14: 4009673 | N14: 4121852.5 | O14: 4146612.8 | P14: 4383098.4 | Q14: 4536827.6 | R14: 4541551.5 | S14: 4822636.3 | T14: 4959488.9 | U14: 5004774.6
A15: DSS | B15: 260000.21 | C15: 262600.21 | D15: 265226.21 | E15: 267878.47 | F15: 270557.26 | G15: 273262.83 | H15: 275995.46 | I15: 278755.41 | J15: 281542.97 | K15: 284358.4 | L15: 287201.98 | M15: 290074 | N15: 292974.74 | O15: 295904.49 | P15: 298863.53 | Q15: 301852.17 | R15: 304870.69 | S15: 307919.4 | T15: 310998.59 | U15: 314108.58
A16: DPS Evaluation | B16: 260700 | C16: 257930 | D16: 142120 | E16: 208718 | F16: 322732 | G16: 202156 | H16: 212892 | I16: 329187 | J16: 206199.12 | K16: 217149.84 | L16: 335770.74 | M16: 221493 | N16: 221492.84 | O16: 342486.15 | P16: 225922.86 | Q16: 225922.69 | R16: 349335.88 | S16: 230441.32 | T16: 230441.15 | U16: 356322.6
A17: TEPF Clearing House | B17: 14880 | C17: 0 | D17: 14880 | E17: 0 | F17: 14880 | G17: 0 | H17: 14880 | I17: 0 | J17: 14880 | K17: 0 | L17: 14880 | M17: 0 | N17: 14880 | O17: 0 | P17: 14880 | Q17: 0 | R17: 14880 | S17: 0 | T17: 14880 | U17: 0
A18: Fiscal Agent | B18: 2500 | C18: 2550 | D18: 2601 | E18: 2653.02 | F18: 2706.0804 | G18: 2760.202 | H18: 2815.406 | I18: 2871.7142 | J18: 2929.1485 | K18: 2987.7314 | L18: 3047.486 | M18: 3108.4358 | N18: 3170.6045 | O18: 3234.0166 | P18: 3298.6969 | Q18: 3364.6708 | R18: 3431.9643 | S18: 3500.6035 | T18: 3570.6156 | U18: 3642.0279
A19: Fiscal Agent Audit | B19: 7500 | C19: 7650 | D19: 7803 | E19: 7959.06 | F19: 8118.2412 | G19: 8280.606 | H19: 8446.2181 | I19: 8615.1425 | J19: 8787.4454 | K19: 8963.1943 | L19: 9142.4581 | M19: 9325.3073 | N19: 9511.8135 | O19: 9702.0497 | P19: 9896.0907 | Q19: 10094.013 | R19: 10295.893 | S19: 10501.811 | T19: 10711.847 | U19: 10926.084
A20: Total Other Costs | B20: 285580 | C20: 268130 | D20: 167404 | E20: 219330.08 | F20: 348436.32 | G20: 213196.81 | H20: 239033.62 | I20: 340673.86 | J20: 232795.71 | K20: 229100.77 | L20: 362840.68 | M20: 233926.74 | N20: 249055.25 | O20: 355422.22 | P20: 253997.65 | Q20: 239381.38 | R20: 377943.73 | S20: 244443.73 | T20: 259603.61 | U20: 370890.71
A21: Total EEU | B21: 4593333 | C21: 5262600 | D21: 5765226 | E21: 6267878.3 | F21: 6270557 | G21: 5773262.6 | H21: 5275995.2 | I21: 4778755.2 | J21: 4531542.7 | K21: 4284358.2 | L21: 4407201.8 | M21: 4533673.8 | N21: 4663882.5 | O21: 4797939.5 | P21: 4935959.6 | Q21: 5078061.1 | R21: 5224365.9 | S21: 5374999.5 | T21: 5530091.1 | U21: 5689773.8
B22: =B14+B15+B20 -> 4593333 | C22: =C14+C15+C20 -> 5262600 | D22: =D14+D15+D20 -> 5765226 | E22: =E14+E15+E20 -> 6267878.3 | F22: =F14+F15+F20 -> 6270557 | G22: =G14+G15+G20 -> 5773262.6 | H22: =H14+H15+H20 -> 5275995.2 | I22: =I14+I15+I20 -> 4778755.2 | ... U22: =U14+U15+U20 -> 5689773.8
A24: Invest ment | B24: =B5 -> 1205755.4 | C24: =C5 -> 2006848.2 | D24: =D5 -> 2659473.5 | E24: =E5 -> 3398117.4 | F24: =F5 -> 3660721.7 | G24: =G5 -> 3336927.3 | H24: =H5 -> 2913286.9 | I24: =I5 -> 2414799.9 | ... K24: =K5 -> 1693283.2 | L24: =B9 -> 1645404 | M24: =C9 -> 1551248.3 | N24: =D9 -> 1435923.7 | O24: =E9 -> 1324541 | P24: =F9 -> 1167214.6 | Q24: =G9 -> 914062.13 | R24: =H9 -> 665204.79 | S24: =I9 -> 320767.48 | ... U24: =K9 -> 0.47710153
A25: Per TJ DRP file, VGS collections based on load with no EEC change | B25: ='[5]15 years_PSD Surrebuttal'!F$44 -> 3462577.6 | C25: ='[5]15 years_PSD Surrebuttal'!G$44 -> 3480751.8 | D25: ='[5]15 years_PSD Surrebuttal'!H$44 -> 3505752.5 | E25: ='[5]15 years_PSD Surrebuttal'!I$44 -> 3529760.8 | F25: ='[5]15 years_PSD Surrebuttal'!J$44 -> 3534835.4 | G25: ='[5]15 years_PSD Surrebuttal'!K$44 -> 3536335.3 | H25: ='[5]15 years_PSD Surrebuttal'!L$44 -> 3537708.3 | I25: ='[5]15 years_PSD Surrebuttal'!M$44 -> 3538955.3 | ... U25: ='[5]15 years_PSD Surrebuttal'!Y$44 -> 3494102.4
A27: Add'l added on to BAU (hard keyed by TJ) | B27: 75000 | C27: 225000 | D27: 400000 | E27: 660000 | F27: 925000 | G27: 1100000 | H27: 1175000 | I27: 1175000 | J27: 1100000 | K27: 950000 | L27: 775000 | M27: 550000 | N27: 300000 | O27: 50000 | P27: -250000 | Q27: -650000 | R27: -1050000 | S27: -1550000 | T27: -2030879 | U27: -2195671
A29: Per TJ Formula- Investment Level | B29: =B22-B25+B27 -> 1205755.4 | C29: =C22-C25+C27 -> 2006848.2 | D29: =D22-D25+D27 -> 2659473.5 | E29: =E22-E25+E27 -> 3398117.4 | F29: =F22-F25+F27 -> 3660721.7 | G29: =G22-G25+G27 -> 3336927.3 | H29: =H22-H25+H27 -> 2913286.9 | I29: =I22-I25+I27 -> 2414799.9 | ... U29: =U22-U25+U27 -> 0.47710153

Sheet Reallocation 2016-2017
B1: PUC order dated 9/24/2020 approving return of 177840 to ratepayer
B2: Case No. 20-2241-PET
O34: 177840 | P34: reallocation given back to ratepayer in 2021 EEC

Sheet EEU balance
B1: EEU RUNNING BALANCE | C1: Prior Plan, not included
C2: Actuals
C3: Projected
C4: Projected Jan to only include firm
B5: Represents | C5: Collections | D5: VGS only (RA/DSS invoices) | E5: Sub Total
C6: FUNDS | D6: COST | F6: Gross Receipts Tax | G6: Wx | M6: RA | N6: DSS | O6: Other | P6: Collections | Q6: Projected Collections
B7: 42370 | C7: 55002.94 | D7: 164408.91 | F7: =C7*0.003 -> 165.00882 | G7: =C7*0.0075 -> 412.52205 | L7: =B7 -> 42370 | M7: 164408.91 | N7: 0
B8: 42401 | C8: 458193.97 | D8: 207702.49 | F8: =C8*0.003 -> 1374.5819 | G8: =C8*0.0075 -> 3436.4548 | L8: =B8 -> 42401 | M8: 204012.36 | N8: 3690.132
B9: 42446 | C9: 398489.3 | D9: 244267.1 | E9: =C7+C8+C9-D7-D8-D9 -> 295307.71 | F9: =C9*0.003 -> 1195.4679 | G9: =C9*0.0075 -> 2988.6698 | L9: =B9 -> 42446 | M9: 224519.13 | N9: 19747.97
B10: 42461 | C10: 332224.94 | D10: 268271.97 | E10: =E9+C10-D10 -> 359260.68 | F10: =C10*0.003 -> 996.67482 | G10: =C10*0.0075 -> 2491.687 | L10: =B10 -> 42461 | M10: 226358.12 | N10: 41913.848
B11: 42491 | C11: 213830.56 | D11: 208270.09 | E11: =E10+C11-D11 -> 364821.15 | F11: =C11*0.003 -> 641.49168 | G11: =C11*0.0075 -> 1603.7292 | L11: =B11 -> 42491 | M11: 189219.01 | N11: 19051.078
B12: 42538 | C12: 117903.35 | D12: 313098.16 | E12: =E11+C12-D12 -> 169626.34 | F12: =C12*0.003 -> 353.71005 | G12: =C12*0.0075 -> 884.27513 | L12: =B12 -> 42538 | M12: 287399.32 | N12: 25698.838
B13: 42568 | C13: 97329.07 | D13: 217902.87 | E13: =E12+C13-D13 -> 49052.54 | F13: =C13*0.003 -> 291.98721 | G13: =C13*0.0075 -> 729.96803 | L13: =B13 -> 42568 | M13: 189122.6 | N13: 28780.269
B14: 42583 | C14: 92437.87 | D14: 341931.99 | E14: =E13+C14-D14 -> -200441.58 | F14: =C14*0.003 -> 277.31361 | G14: =C14*0.0075 -> 693.28402 | L14: =B14 -> 42583 | M14: 324963.9 | N14: 16968.09
B15: 42614 | C15: 96871.19 | D15: 250578.6 | E15: =E14+C15-D15 -> -354148.99 | F15: =C15*0.003 -> 290.61357 | G15: =C15*0.0075 -> 726.53392 | L15: =B15 -> 42614 | M15: 266819.67 | N15: -16241.068
B16: 42644 | C16: 123869.16 | D16: 184051.02 | E16: =E15+C16-D16 -> -414330.85 | F16: =C16*0.003 -> 371.60748 | G16: =C16*0.0075 -> 929.0187 | L16: =B16 -> 42644 | M16: 154388.07 | N16: 29662.95
B17: 42675 | C17: 238339.64 | D17: 241613.66 | E17: =E16+C17-D17 -> -417604.87 | F17: =C17*0.003 -> 715.01892 | G17: =C17*0.0075 -> 1787.5473 | L17: =B17 -> 42675 | M17: 224593.35 | N17: 17020.311
B18: 42705 | C18: 360415.26 | D18: 280887.78 | E18: =E17+C18-D18 -> -338077.39 | F18: =C18*0.003 -> 1081.2458 | G18: =C18*0.0075 -> 2703.1145 | L18: =B18 -> 42705 | M18: 257957.03 | N18: 22930.739
B19: 42736 | C19: 446549.8 | D19: 241588.75 | E19: =E18+C19-D19 -> -133116.34 | F19: =C19*0.003 -> 1339.6494 | G19: =C19*0.0075 -> 3349.1235 | L19: =B19 -> 42736 | M19: 226534.17 | N19: 15054.581
B20: 42767 | C20: 490176.58 | D20: 211993.73 | E20: =E19+C20-D20 -> 145066.51 | F20: =C20*0.003 -> 1470.5297 | G20: =C20*0.0075 -> 3676.3243 | L20: =B20 -> 42767 | M20: 191460.7 | N20: 20533.031
B21: 42811 | C21: 481436.94 | D21: 234826.3 | E21: =E20+C21-D21 -> 391677.15 | F21: =C21*0.003 -> 1444.3108 | G21: =C21*0.0075 -> 3610.777 | L21: =B21 -> 42811 | M21: 207343.47 | N21: 27482.827
... B30: 43070 | C30: 431916.35 | D30: 246954.56 | E30: =E29+C30-D30 -> 48358.52 | F30: =C30*0.003 -> 1295.749 | G30: =C30*0.0075 -> 3239.3726 | L30: =B30 -> 43070 | M30: 228709.6 | N30: 18244.964
B31: 43101 | C31: =P31 -> 675290.08 | D31: =M31+N31 -> 251949.52 | E31: =E30+C31-D31 -> 471699.08 | F31: =C31*0.003 -> 2025.8702 | G31: =C31*0.0075 -> 5064.6756 | L31: =B31 -> 43101 | M31: 227653.19 | N31: 24296.327 | O31: 0 | P31: 675290.08 | Q31: 549579.6
B32: 43132 | C32: =P32 -> 549836.54 | D32: =M32+N32 -> 198923.05 | E32: =E31+C32-D32 -> 822612.57 | F32: =C32*0.003 -> 1649.5096 | G32: =C32*0.0075 -> 4123.7741 | L32: =B32 -> 43132 | M32: 185231.46 | N32: 13691.589 | O32: 0 | P32: 549836.54 | Q32: 571508.83
B33: 43163 | C33: =P33 -> 430463.79 | D33: =M33+N33 -> 211167.39 | E33: =E32+C33-D33 -> 1041909 | F33: =C33*0.003 -> 1291.3914 | G33: =C33*0.0075 -> 3228.4785 | L33: =B33 -> 43163 | M33: 193339.51 | N33: 17827.875 | O33: 0 | P33: 430463.79 | Q33: 508208.68
B34: 43194 | C34: =P34 -> 414893.27 | D34: =M34+N34 -> 180068.08 | E34: =E33+C34-D34 -> 1276734.2 | F34: =C34*0.003 -> 1244.6798 | G34: =C34*0.0075 -> 3111.6995 | L34: =B34 -> 43194 | M34: 161938.35 | N34: 18129.732 | O34: 0 | P34: 414893.27 | Q34: 377301.32
B35: 43225 | C35: =P35 -> 243616.46 | D35: =M35+N35 -> 225683.73 | E35: =E34+C35-D35 -> 1294666.9 | F35: =C35*0.003 -> 730.84937 | G35: =C35*0.0075 -> 1827.1234 | L35: =B35 -> 43225 | M35: 198603.29 | N35: 27080.436 | O35: 0 | P35: 243616.46 | Q35: 221403.81
B36: 43256 | C36: =P36 -> 133680.46 | D36: =M36+N36 -> 220164.01 | E36: =E35+C36-D36 -> 1208183.4 | F36: =C36*0.003 -> 401.04139 | G36: =C36*0.0075 -> 1002.6035 | L36: =B36 -> 43256 | M36: 200692.28 | N36: 19471.733 | O36: 0 | P36: 133680.46 | Q36: 135303.09
B37: 43287 | C37: =P37 -> 110437.7 | D37: =M37+N37 -> 137158.77 | E37: =E36+C37-D37 -> 1181462.3 | F37: =C37*0.003 -> 331.3131 | G37: =C37*0.0075 -> 828.28276 | L37: =B37 -> 43287 | M37: 128852.88 | N37: 8305.8901 | O37: 0 | P37: 110437.7 | Q37: 111600.15
B38: 43313 | C38: =P38 -> 107011.5 | D38: =M38+N38 -> 327512.39 | E38: =E37+C38-D38 -> 960961.39 | F38: =C38*0.003 -> 321.03449 | G38: =C38*0.0075 -> 802.58623 | L38: =B38 -> 43313 | M38: 287861.59 | N38: 39650.804 | O38: 0 | P38: 107011.5 | Q38: 108658.86
B39: 43344 | C39: =P39 -> 112279.23 | D39: =M39+N39 -> 290918.3 | E39: =E38+C39-D39 -> 782322.32 | F39: =C39*0.003 -> 336.83768 | G39: =C39*0.0075 -> 842.09419 | L39: =B39 -> 43344 | M39: 264141.85 | N39: 26776.452 | O39: 0 | P39: 112279.23 | Q39: 116152.91
B40: 43374 | C40: =P40 -> 155670.77 | D40: =M40+N40 -> 307089.5 | E40: =E39+C40-D40 -> 630903.58 | F40: =C40*0.003 -> 467.01231 | G40: =C40*0.0075 -> 1167.5308 | L40: =B40 -> 43374 | M40: 288263.83 | N40: 18825.667 | O40: 0 | P40: 155670.77 | Q40: 155617.68
B41: 43405 | C41: =P41 -> 337830.03 | D41: =M41+N41 -> 244986.1 | E41: =E40+C41-D41 -> 723747.51 | F41: =C41*0.003 -> 1013.4901 | G41: =C41*0.0075 -> 2533.7252 | L41: =B41 -> 43405 | M41: 228467.03 | N41: 16519.069 | O41: 0 | P41: 337830.03 | Q41: 270000.5
B42: 43435 | C42: =P42 -> 469558.28 | D42: =M42+N42 -> 324152.84 | E42: =E41+C42-D42 -> 869152.95 | F42: =C42*0.003 -> 1408.6748 | G42: =C42*0.0075 -> 3521.6871 | L42: =B42 -> 43435 | M42: 308725.14 | N42: 15427.696 | O42: 0 | P42: 469558.28 | Q42: 414729.46
... B48: 43623 | C48: =P48 -> 154838.76 | D48: =M48+N48 -> 206258.52 | E48: =E47+C48-D48 -> 1933006.1 | F48: =C48*0.003 -> 464.51629 | G48: =C48*0.0075 -> 1161.2907 | L48: =B48 -> 43623 | M48: 183894.51 | N48: 22364.006 | O48: 0 | P48: 154838.76 | Q48: 135771.32
B49: 43654 | C49: =P49 -> 105663.03 | D49: =M49+N49 -> 263761.29 | E49: =E48+C49-D49 -> 1774907.9 | F49: =C49*0.00525 -> 554.73091 | G49: =C49*0.0075 -> 792.47273 | L49: =B49 -> 43654 | M49: 242415.39 | N49: 21345.901 | O49: 0 | P49: 105663.03 | Q49: 111706.77
B50: 43686 | C50: =P50 -> 107847.28 | D50: =M50+N50 -> 296672.56 | E50: =E49+C50-D50 -> 1586082.6 | F50: =C50*0.00525 -> 566.19823 | G50: =C50*0.0075 -> 808.85462 | L50: =B50 -> 43686 | M50: 270168.93 | N50: 26503.631 | O50: 0 | P50: 107847.28 | Q50: 108418.42
B51: 43717 | C51: =P51 -> 109139.23 | D51: =M51+N51 -> 227201.8 | E51: =E50+C51-D51 -> 1468020 | F51: =C51*0.00525 -> 572.98094 | G51: =C51*0.0075 -> 818.5442 | L51: =B51 -> 43717 | M51: 206190.55 | N51: 21011.255 | O51: 0 | P51: 109139.23 | Q51: 115468.02
B52: 43745 | C52: =P52 -> 153650.65 | D52: =M52+N52 -> 309809.69 | E52: =E51+C52-D52 -> 1311861 | F52: =C52*0.00525 -> 806.66593 | G52: =C52*0.0075 -> 1152.3799 | L52: =B52 -> 43745 | M52: 292636.98 | N52: 17172.708 | O52: 0 | P52: 153650.65 | Q52: 141675.83
B53: 43777 | C53: =P53 -> 297951.5 | D53: =M53+N53 -> 302235.23 | E53: =E52+C53-D53 -> 1307577.2 | F53: =C53*0.00525 -> 1564.2454 | G53: =C53*0.0075 -> 2234.6362 | L53: =B53 -> 43777 | M53: 277708.08 | N53: 24527.154 | O53: 0 | P53: 297951.5 | Q53: 273180.07
B54: 43808 | C54: =P54 -> 438633.2 | D54: =M54+N54 -> 250203.96 | E54: =E53+C54-D54 -> 1496006.5 | F54: =C54*0.00525 -> 2302.8243 | G54: =C54*0.0075 -> 3289.749 | L54: =B54 -> 43808 | M54: 228333.36 | N54: 21870.599 | O54: 0 | P54: 438633.2 | Q54: 412990.31
B55: 43839 | C55: =P55 -> 512134.77 | D55: =M55+N55 -> 368977.5 | E55: =E54+C55-D55 -> 1639163.8 | F55: =C55*0.00525 -> 2688.7075 | G55: =C55*0.0075 -> 3841.0108 | L55: =B55 -> 43839 | M55: 351340.17 | N55: 17637.333 | O55: 0 | P55: 512134.77 | Q55: 522130.37
B56: 43862 | C56: =P56 -> 526042.35 | D56: =M56+N56 -> 237092.99 | E56: =E55+C56-D56 -> 1928113.1 | F56: =C56*0.00525 -> 2761.7223 | G56: =C56*0.0075 -> 3945.3176 | L56: =B56 -> 43862 | M56: 209624.01 | N56: 27468.976 | O56: 3289.75 | P56: 526042.35 | Q56: 542658.96
B57: 43891 | C57: =P57 -> 424165.97 | D57: =M57+N57 -> 201318.15 | E57: =E56+C57-D57 -> 2150960.9 | F57: =C57*0.00525 -> 2226.8713 | G57: =C57*0.0075 -> 3181.2448 | L57: =B57 -> 43891 | M57: 187324.86 | N57: 13993.294 | O57: 110304 | P57: 424165.97 | Q57: 480752.88
B58: 43922 | C58: =P58 -> 337017.69 | D58: =M58+N58 -> 212279.85 | E58: =E57+C58-D58 -> 2275698.8 | F58: =C58*0.00525 -> 1769.3429 | G58: =C58*0.0075 -> 2527.6327 | L58: =B58 -> 43922 | M58: 190061.6 | N58: 22218.253 | O58: 42259.08 | P58: 337017.69 | Q58: 354119.31
B59: 43952 | C59: =P59 -> 266965.76 | D59: =M59+N59 -> 151097.07 | E59: =E58+C59-D59 -> 2391567.5 | F59: =C59*0.00525 -> 1401.5702 | G59: =C59*0.0075 -> 2002.2432 | L59: =B59 -> 43952 | M59: 134837.48 | N59: 16259.591 | O59: 23507.64 | P59: 266965.76 | Q59: 205643.99
B60: 43983 | C60: =P60 -> 137398.34 | D60: =M60+N60 -> 254297.5 | E60: =E59+C60-D60 -> 2274668.3 | F60: =C60*0.00525 -> 721.34127 | G60: =C60*0.0075 -> 1030.4875 | L60: =B60 -> 43983 | M60: 238991.77 | N60: 15305.73 | O60: 35975.64 | P60: 137398.34 | Q60: 134433.13
... B62: 44044 | C62: =P62 -> 103713.42 | D62: =M62+N62 -> 257496.89 | E62: =E61+C62-D62 -> 1925968.4 | F62: =C62*0.00525 -> 544.49543 | G62: =C62*0.0075 -> 777.85062 | L62: =B62 -> 44044 | M62: 236664.98 | N62: 20831.909 | O62: 20980 | P62: 103713.42 | Q62: 107418.14
B63: 44075 | C63: =Q63 -> 114414.71 | D63: =M63+N63 -> 279949.66 | E63: =E62+C63-D63 -> 1760433.5 | F63: =C63*0.00525 -> 600.67721 | G63: =C63*0.0075 -> 858.11029 | L63: =B63 -> 44075 | M63: 262615.52 | N63: 17334.137 | O63: 20980 | P63: 117328.64 | Q63: 114414.71
B64: 44105 | C64: =Q64 -> 141338.17 | D64: 508060.6 | E64: =E63+C64-D64 -> 1393711 | F64: =C64*0.00525 -> 742.02538 | G64: =C64*0.0075 -> 1060.0363 | L64: =B64 -> 44105 | M64: 0 | N64: 0 | O64: 0 | Q64: 141338.17
B65: 44136 | C65: =Q65 -> 258593.66 | D65: 508060.6 | E65: =E64+C65-D65 -> 1144244.1 | F65: =C65*0.00525 -> 1357.6167 | G65: =C65*0.0075 -> 1939.4525 | L65: =B65 -> 44136 | M65: 0 | N65: 0 | O65: 0 | Q65: 258593.66
B66: 44166 | C66: =Q66 -> 397208.75 | D66: 508060.6 | E66: =E65+C66-D66 -> 1033392.2 | F66: =C66*0.00525 -> 2085.3459 | G66: =C66*0.0075 -> 2979.0656 | L66: =B66 -> 44166 | M66: 0 | N66: 0 | O66: 0 | Q66: 397208.75
B67: 44197 | C67: =S109+S110+S111+S112+S113+S114 -> 450048.89 | F67: =C67*0.00525 -> 2362.7567 | G67: =C67*0.0075 -> 3375.3667
B68: Totals | C68: =SUM(C7:C67) -> 17027356 | D68: =SUM(D7:D66) -> 15543915
C70: Collections | D70: Budgets All-in total EEU | E70: Gross Receipts Tax | F70: Wx Tax | G70: DRP Related expenses | H70: Total projected expenditures | I70: Over/Under
B71: 2016 | C71: =SUM(C$7:C$18) -> 2584907.2 | D71: ='EEU PSD Proposed budgets18-20'!C15 -> 3057618.3 | E71: =SUM(F$7:F$18) -> 7754.7218 | F71: =SUM(G$7:G$18) -> 19386.804 | H71: =SUM(D71:G71) -> 3084759.8 | I71: =C71-H71 -> -499852.6 | J71: =I71 -> -499852.6
B72: 2017 | C72: =SUM(C$19:C$30) -> 3276835.3 | D72: ='EEU PSD Proposed budgets18-20'!D15 -> 3221755 | E72: =SUM(F$19:F$30) -> 9830.5058 | F72: =SUM(G$19:G$30) -> 24576.265 | H72: =SUM(D72:G72) -> 3256161.7 | I72: =C72-H72 -> 20673.542 | J72: =I72+J71 -> -479179.06
B73: 2018 | C73: =SUM(C$31:C$42) -> 3740568.1 | D73: ='EEU PSD Proposed budgets18-20'!F34 -> 3386237 | E73: =SUM(F$31:F$42) -> 11221.704 | F73: =SUM(G$31:G$42) -> 28054.261 | H73: =SUM(D73:G73) -> 3425513 | I73: =C73-H73 -> 315055.15 | J73: =I73+J72 -> -164123.91
B74: 2019 | C74: =SUM(C$43:C$54) -> 3648863.1 | D74: ='EEU PSD Proposed budgets18-20'!G34 -> 3515838 | E74: =SUM(F$43:F$54) -> 13675.58 | F74: =SUM(G$43:G$54) -> 27366.473 | H74: =SUM(D74:G74) -> 3556880.1 | I74: =C74-H74 -> 91983.007 | J74: =I74+J73 -> -72140.9
B75: 2020 | C75: =SUM(C$55:C$66) -> 3326133.5 | D75: ='EEU PSD Proposed budgets18-20'!H34 -> 3576991 | E75: =SUM(F$55:F$67) -> 19824.958 | F75: =SUM(G$55:G$67) -> 28321.368 | G75: =64399+18098 -> 82497 | H75: =SUM(D75:G75) -> 3707634.3 | I75: =C75-H75 -> -381500.78 | J75: =I75+J74 -> -453641.68
B76: Jan 2021 Firm collections for complete year of collections | C76: =C67 -> 450048.89 | I76: =C76-H76 -> 450048.89 | J76: =I76+J75 -> -3592.7883
C78: =SUM(C71:C76) -> 17027356 | D78: =SUM(D71:D76) -> 16758439 | E78: =SUM(E71:E76) -> 62307.47 | F78: =SUM(F71:F76) -> 127705.17 | G78: =SUM(G71:G76) -> 82497 | H78: =SUM(D78:G78) -> 17030949 | I78: =C78-H78 -> -3592.7883 | J78: If negative then under collected
B105: Current GEEC Rates Mcf | I105: Projected Revenue Oct, Nov, Dec 2018 and Jan 2020
A106: Low Income multiplier
A107: ='AVG Liap customers'!C5 -> 0.048135115 | C107: 2019 | D107: 2019 | E107: 2019 | F107: 2019 | G107: 2020 | H107: 2020 | I107: 2020 | J107: 2020 | K107: 2020 | L107: 2020 | M107: 2020 | N107: 2020 | O107: 2020 | P107: 2020 | Q107: 2020 | R107: 2020 | S107: 2021
A108: ='AVG Liap customers'!C6 -> 0.95186489 | C108: September | D108: October | E108: November | F108: December | G108: January | H108: February | I108: March | J108: April | K108: May | L108: June | M108: July | N108: August | O108: September | P108: October | Q108: November | R108: December | S108: January
A109: Residential | B109: ='Prop EEC 2021 Rates VGS'!C7*10 -> 0.48 | C109: ='CY 2019-2020 forecast'!M20*$A$108*$B109 -> 40364.858 | D109: ='CY 2019-2020 forecast'!N20*$A$108*$B109 -> 55356.045 | E109: ='CY 2019-2020 forecast'!O20*$A$108*$B109 -> 132099.35 | F109: ='CY 2019-2020 forecast'!P20*$A$108*$B109 -> 218402.28 | G109: ='CY 2019-2020 forecast'!Q20*$A$108*$B109 -> 308406.51 | H109: ='CY 2019-2020 forecast'!R20*$A$108*$B109 -> 317834.54 | I109: ='CY 2019-2020 forecast'!S20*$A$108*$B109 -> 272024.86 | J109: ='CY 2019-2020 forecast'!T20*$A$108*$B109 -> 201074.07 | ... S109: ='CY 2019-2020 forecast'!AC20*$A$108*$B109 -> 316714.69
A110: Residential Low Income | B110: ='Prop EEC 2021 Rates VGS'!C8*10 -> 0.384 | C110: ='CY 2019-2020 forecast'!M20*(1-$A$108)*$B110 -> 1632.9772 | D110: ='CY 2019-2020 forecast'!N20*(1-$A$108)*$B110 -> 2239.452 | E110: ='CY 2019-2020 forecast'!O20*(1-$A$108)*$B110 -> 5344.1345 | F110: ='CY 2019-2020 forecast'!P20*(1-$A$108)*$B110 -> 8835.5554 | G110: ='CY 2019-2020 forecast'!Q20*(1-$A$108)*$B110 -> 12476.714 | H110: ='CY 2019-2020 forecast'!R20*(1-$A$108)*$B110 -> 12858.129 | I110: ='CY 2019-2020 forecast'!S20*(1-$A$108)*$B110 -> 11004.879 | J110: ='CY 2019-2020 forecast'!T20*(1-$A$108)*$B110 -> 8134.5356 | ... S110: ='CY 2019-2020 forecast'!AC20*(1-$A$108)*$B110 -> 12812.825
A111: G1 Class | B111: ='Prop EEC 2021 Rates VGS'!C9*10 -> 0.454 | C111: ='CY 2019-2020 forecast'!M21*$B111 -> 1791.03 | D111: ='CY 2019-2020 forecast'!N21*$B111 -> 4388.364 | E111: ='CY 2019-2020 forecast'!O21*$B111 -> 18432.4 | F111: ='CY 2019-2020 forecast'!P21*$B111 -> 37676.098 | G111: ='CY 2019-2020 forecast'!Q21*$B111 -> 59518.038 | H111: ='CY 2019-2020 forecast'!R21*$B111 -> 60142.742 | I111: ='CY 2019-2020 forecast'!S21*$B111 -> 48341.012 | J111: ='CY 2019-2020 forecast'!T21*$B111 -> 31424.972 | ... S111: ='CY 2019-2020 forecast'!AC21*$B111 -> 59745.038
A112: G2 Class | B112: ='Prop EEC 2021 Rates VGS'!C10*10 -> 0.352 | C112: ='CY 2019-2020 forecast'!M22*$B112 -> 3479.872 | D112: ='CY 2019-2020 forecast'!N22*$B112 -> 3900.16 | E112: ='CY 2019-2020 forecast'!O22*$B112 -> 5433.824 | F112: ='CY 2019-2020 forecast'!P22*$B112 -> 7335.328 | G112: ='CY 2019-2020 forecast'!Q22*$B112 -> 9084.768 | H112: ='CY 2019-2020 forecast'!R22*$B112 -> 9504.352 | I112: ='CY 2019-2020 forecast'!S22*$B112 -> 8444.128 | J112: ='CY 2019-2020 forecast'!T22*$B112 -> 7132.928 | ... S112: ='CY 2019-2020 forecast'!AC22*$B112 -> 9621.216
A113: G3 Class | B113: ='Prop EEC 2021 Rates VGS'!C11*10 -> 0.354 | C113: ='CY 2019-2020 forecast'!M23*$B113 -> 2865.63 | D113: ='CY 2019-2020 forecast'!N23*$B113 -> 5885.604 | E113: ='CY 2019-2020 forecast'!O23*$B113 -> 18399.504 | F113: ='CY 2019-2020 forecast'!P23*$B113 -> 33204.138 | G113: ='CY 2019-2020 forecast'!Q23*$B113 -> 48360.294 | H113: ='CY 2019-2020 forecast'!R23*$B113 -> 48817.308 | I113: ='CY 2019-2020 forecast'!S23*$B113 -> 40131.21 | J113: ='CY 2019-2020 forecast'!T23*$B113 -> 27169.854 | ... S113: ='CY 2019-2020 forecast'!AC23*$B113 -> 51155.124
A114: G4 Class | B114: ='Prop EEC 2021 Rates VGS'!C12*10 -> 0.273 | C114: ='CY 2019-2020 forecast'!M24*$B114 -> 23472.813 | D114: ='CY 2019-2020 forecast'!N24*$B114 -> 25179.882 | E114: ='CY 2019-2020 forecast'!O24*$B114 -> 33129.369 | F114: ='CY 2019-2020 forecast'!P24*$B114 -> 39808.86 | G114: ='CY 2019-2020 forecast'!Q24*$B114 -> 48468.147 | H114: ='CY 2019-2020 forecast'!R24*$B114 -> 48679.722 | I114: ='CY 2019-2020 forecast'!S24*$B114 -> 45391.164 | J114: ='CY 2019-2020 forecast'!T24*$B114 -> 39192.699 | ... R114: ='CY 2019-2020 forecast'!AB24*$B114 -> 40038.18
A115: Interruptible | B115: ='Prop EEC 2021 Rates VGS'!C13*10 -> 0.197 | C115: ='CY 2019-2020 forecast'!M28*$B115 -> 41382.805 | D115: ='CY 2019-2020 forecast'!N28*$B115 -> 45099.604 | E115: ='CY 2019-2020 forecast'!O28*$B115 -> 47056.602 | F115: ='CY 2019-2020 forecast'!P28*$B115 -> 53946.283 | G115: ='CY 2019-2020 forecast'!Q28*$B115 -> 61106.445 | H115: ='CY 2019-2020 forecast'!R28*$B115 -> 52138.808 | I115: ='CY 2019-2020 forecast'!S28*$B115 -> 52065.13 | J115: ='CY 2019-2020 forecast'!T28*$B115 -> 44076.977 | ... R115: ='CY 2019-2020 forecast'!AB28*$B115 -> 54428.145
A116: Total | C116: =SUM(C109:C115) -> 114989.99 | D116: =SUM(D109:D115) -> 142049.11 | E116: =SUM(E109:E115) -> 259895.19 | F116: =SUM(F109:F115) -> 399208.54 | G116: =SUM(G109:G115) -> 547420.91 | H116: =SUM(H109:H115) -> 549975.6 | I116: =SUM(I109:I115) -> 477402.38 | J116: =SUM(J109:J115) -> 358206.04 | ... S116: =SUM(S109:S115) -> 450048.89
B118: Actual | C118: 109139.23 | D118: 153650.65 | E118: 297951.5 | F118: 438633.2 | G118: 512134.77 | H118: 526042.35 | I118: 424165.97 | J118: 337017.69 | K118: 266965.76 | L118: 137398.34 | M118: 107139.98 | N118: 103988.96
B120: Projected | C120: 115468.02 | D120: 141675.83 | E120: 273180.07 | F120: 412990.31 | G120: 522130.37 | H120: 542658.96 | I120: 480752.88 | J120: 354119.31 | K120: 205643.99 | L120: 134433.13 | M120: 110661.66 | N120: 107418.14 | O120: 114414.71 | P120: 141338.17 | Q120: 258593.66 | R120: 397208.75 | S120: =S109+S110+S111+S112+S113+S114 -> 450048.89
O123: =O120-O116 -> 3009.4671 | P123: =P120-P116 -> -1761.1861 | Q123: =Q120-Q116 -> -3406.8306 | R123: =R120-R116 -> -6064.158 | S123: =S120-S116 -> 0

Sheet CY 2019-2020 forecast
B1: Base on Aug 18 FY19 excel file from LH | N1: Based on Sept FY20 from Todd L | AB1: Based on Sept FY20 from Todd L
A2: Estimated EEU Revenues | AL2: Taken from Oct PGA to get one calendar year on most recent rate case
B3: 2018 | C3: 2018 | D3: 2018 | E3: 2019 | F3: 2019 | G3: 2019 | H3: 2019 | I3: 2019 | J3: 2019 | K3: 2019 | L3: 2019 | M3: 2019 | N3: =[6]F!D2 -> 2019 | O3: =[6]F!E2 -> 2019 | P3: =[6]F!F2 -> 2019 | Q3: =[6]F!G2 -> 2020 | R3: =[6]F!H2 -> 2020 | S3: =[6]F!I2 -> 2020 | T3: =[6]F!J2 -> 2020 | U3: =[6]F!K2 -> 2020 | ... AB3: =[6]F!R2 -> 2020 | AC3: =[7]D!G$4 -> 2021 | AD3: =[7]D!H$4 -> 2021 | AE3: =[7]D!I$4 -> 2021 | AF3: =[7]D!J$4 -> 2021 | AG3: =[7]D!K$4 -> 2021 | AH3: =[7]D!L$4 -> 2021 | AI3: =[7]D!M$4 -> 2021 | AJ3: =[7]D!N$4 -> 2021 | AK3: =[7]D!O$4 -> 2021 | AL3: =[7]D!D$4 -> 2020 | AM3: =[7]D!E$4 -> 2020 | AN3: =[7]D!F$4 -> 2020
A4: Forecasted Revenue | B4: October | C4: November | D4: December | E4: January | F4: February | G4: March | H4: April | I4: May | J4: June | K4: July | L4: August | M4: September | N4: =[6]F!D3 -> October | O4: =[6]F!E3 -> November | P4: =[6]F!F3 -> December | Q4: =[6]F!G3 -> January | R4: =[6]F!H3 -> February | S4: =[6]F!I3 -> March | T4: =[6]F!J3 -> April | U4: =[6]F!K3 -> May | ... AB4: =[6]F!R3 -> December | AC4: =[7]D!G$5 -> January | AD4: =[7]D!H$5 -> February | AE4: =[7]D!I$5 -> March | AF4: =[7]D!J$5 -> April | AG4: =[7]D!K$5 -> May | AH4: =[7]D!L$5 -> June | AI4: =[7]D!M$5 -> July | AJ4: =[7]D!N$5 -> August | AK4: =[7]D!O$5 -> September | AL4: =[7]D!D$5 -> October | AM4: =[7]D!E$5 -> November | AN4: =[7]D!F$5 -> December | AP4: CY 2019 total | AQ4: CY 2020 Total | AR4: CY 2021 Total
A5: R | B5: =[8]D!C31 -> 2228356.8 | C5: =[8]D!D31 -> 4322996.7 | D5: =[8]D!E31 -> 6264470.8 | E5: =[8]D!F31 -> 7791553.6 | F5: =[8]D!G31 -> 8081722.8 | G5: =[8]D!H31 -> 7226871.9 | H5: =[8]D!I31 -> 5586925.6 | I5: =[8]D!J31 -> 3467225 | ... M5: =[8]D!N31 -> 1912627.6 | N5: =[6]D!C31 -> 2188463 | O5: =[6]D!D31 -> 3751217.5 | P5: =[6]D!E31 -> 5574170.9 | Q5: =[6]D!F31 -> 7435211.4 | R5: =[6]D!G31 -> 7424386.7 | S5: =[6]D!H31 -> 6598419.6 | T5: =[6]D!I31 -> 5122393.3 | U5: =[6]D!J31 -> 3365302 | ... AB5: =[6]D!Q31 -> 5871827.2 | AC5: =[7]D!G33 -> 7752040.7 | AD5: =[7]D!H33 -> 7757332.8 | AE5: =[7]D!I33 -> 6760332.1 | AF5: =[7]D!J33 -> 5448413.3 | AG5: =[7]D!K33 -> 3572735 | AH5: =[7]D!L33 -> 2351956.8 | AI5: =[7]D!M33 -> 1967245.4 | AJ5: =[7]D!N33 -> 1920318.2 | AK5: =[7]D!O33 -> 1916478.7 | AL5: =[7]D!D33 -> 2319292.9 | AM5: =[7]D!E33 -> 3939698.8 | AN5: =[7]D!F33 -> 5828709.8 | AP5: =SUM(E5:P5) -> 51815363 | AQ5: =SUM(Q5:AB5) -> 49868031 | AR5: =SUM(AC5:AN5) -> 51534554
A6: G1 | B6: =[8]D!C32 -> 229394.64 | C6: =[8]D!D32 -> 500908.44 | D6: =[8]D!E32 -> 909074.24 | E6: =[8]D!F32 -> 1356274.5 | F6: =[8]D!G32 -> 1416753.8 | G6: =[8]D!H32 -> 1224854 | H6: =[8]D!I32 -> 825481.11 | I6: =[8]D!J32 -> 389917.92 | ... M6: =[8]D!N32 -> 180465.41 | N6: =[6]D!C32 -> 229323.97 | O6: =[6]D!D32 -> 494639.25 | P6: =[6]D!E32 -> 864908.1 | Q6: =[6]D!F32 -> 1278800 | R6: =[6]D!G32 -> 1253340.3 | S6: =[6]D!H32 -> 1049796.2 | T6: =[6]D!I32 -> 731637.59 | U6: =[6]D!J32 -> 381440.02 | ... AB6: =[6]D!Q32 -> 923174.83 | AC6: =[7]D!G34 -> 1290140.8 | AD6: =[7]D!H34 -> 1289598.9 | AE6: =[7]D!I34 -> 1055422.5 | AF6: =[7]D!J34 -> 765328.9 | AG6: =[7]D!K34 -> 399190.38 | AH6: =[7]D!L34 -> 215035.41 | AI6: =[7]D!M34 -> 187903.94 | AJ6: =[7]D!N34 -> 186567.64 | AK6: =[7]D!O34 -> 175228.42 | AL6: =[7]D!D34 -> 238915.26 | AM6: =[7]D!E34 -> 520957.65 | AN6: =[7]D!F34 -> 903169.45 | AP6: =SUM(E6:P6) -> 7566186.6 | AQ6: =SUM(Q6:AB6) -> 7125648.9 | AR6: =SUM(AC6:AN6) -> 7227459.3
A7: G2 | B7: =[8]D!C33 -> 105729.74 | C7: =[8]D!D33 -> 132340.29 | D7: =[8]D!E33 -> 167540.33 | E7: =[8]D!F33 -> 203204.14 | F7: =[8]D!G33 -> 215885.94 | G7: =[8]D!H33 -> 204729.63 | H7: =[8]D!I33 -> 174204.87 | I7: =[8]D!J33 -> 133383.8 | ... M7: =[8]D!N33 -> 106061.22 | N7: =[6]D!C33 -> 111898.31 | O7: =[6]D!D33 -> 140479.76 | P7: =[6]D!E33 -> 178459.98 | Q7: =[6]D!F33 -> 212243.58 | R7: =[6]D!G33 -> 213327.44 | S7: =[6]D!H33 -> 196764.58 | T7: =[6]D!I33 -> 170717.65 | U7: =[6]D!J33 -> 135523.75 | ... AB7: =[6]D!Q33 -> 187296.74 | AC7: =[7]D!G35 -> 226713.67 | AD7: =[7]D!H35 -> 232797.68 | AE7: =[7]D!I35 -> 206483.78 | AF7: =[7]D!J35 -> 184377.74 | AG7: =[7]D!K35 -> 139850.7 | AH7: =[7]D!L35 -> 112771.58 | AI7: =[7]D!M35 -> 93860.074 | AJ7: =[7]D!N35 -> 102502.76 | AK7: =[7]D!O35 -> 108833.24 | AL7: =[7]D!D35 -> 114371.02 | AM7: =[7]D!E35 -> 144915.29 | AN7: =[7]D!F35 -> 188080.58 | AP7: =SUM(E7:P7) -> 1776504.3 | AQ7: =SUM(Q7:AB7) -> 1801357.1 | AR7: =SUM(AC7:AN7) -> 1855558.1
A8: G3 | B8: =[8]D!C34 -> 198977.53 | C8: =[8]D!D34 -> 487209.72 | D8: =[8]D!E34 -> 862927.51 | E8: =[8]D!F34 -> 1261770 | F8: =[8]D!G34 -> 1297702.1 | G8: =[8]D!H34 -> 1109222.5 | H8: =[8]D!I34 -> 762829.79 | I8: =[8]D!J34 -> 355123.67 | ... M8: =[8]D!N34 -> 125726.03 | N8: =[6]D!C34 -> 178597.05 | O8: =[6]D!D34 -> 436292.59 | P8: =[6]D!E34 -> 745241.59 | Q8: =[6]D!F34 -> 1059401.3 | R8: =[6]D!G34 -> 1040535.6 | S8: =[6]D!H34 -> 870311.3 | T8: =[6]D!I34 -> 605967.54 | U8: =[6]D!J34 -> 309471.68 | ... AB8: =[6]D!Q34 -> 798624.24 | AC8: =[7]D!G36 -> 1116936.3 | AD8: =[7]D!H36 -> 1127695.8 | AE8: =[7]D!I36 -> 915536.01 | AF8: =[7]D!J36 -> 664502.39 | AG8: =[7]D!K36 -> 332064.46 | AH8: =[7]D!L36 -> 145251.95 | AI8: =[7]D!M36 -> 101486.94 | AJ8: =[7]D!N36 -> 100553.7 | AK8: =[7]D!O36 -> 104426.63 | AL8: =[7]D!D36 -> 190984.96 | AM8: =[7]D!E36 -> 477200.85 | AN8: =[7]D!F36 -> 803904.49 | AP8: =SUM(E8:P8) -> 6662856.4 | AQ8: =SUM(Q8:AB8) -> 5776699.2 | AR8: =SUM(AC8:AN8) -> 6080544.4
A9: G4 | B9: =[8]D!C35 -> 643290.31 | C9: =[8]D!D35 -> 805387.15 | D9: =[8]D!E35 -> 975285.87 | E9: =[8]D!F35 -> 1156243.7 | F9: =[8]D!G35 -> 1194717.3 | G9: =[8]D!H35 -> 1132021.4 | H9: =[8]D!I35 -> 970554.97 | I9: =[8]D!J35 -> 749003.74 | ... M9: =[8]D!N35 -> 628450.02 | N9: =[6]D!C35 -> 605975.65 | O9: =[6]D!D35 -> 775405.15 | P9: =[6]D!E35 -> 921472.2 | Q9: =[6]D!F35 -> 1108130.6 | R9: =[6]D!G35 -> 1084132.5 | S9: =[6]D!H35 -> 1021134.1 | T9: =[6]D!I35 -> 888393.89 | U9: =[6]D!J35 -> 729617.94 | ... AB9: =[6]D!Q35 -> 986963.54 | AC9: =[7]D!G37 -> 1166288.4 | AD9: =[7]D!H37 -> 1157440.3 | AE9: =[7]D!I37 -> 1072767.9 | AF9: =[7]D!J37 -> 952608.9 | AG9: =[7]D!K37 -> 764772.17 | AH9: =[7]D!L37 -> 630324.2 | AI9: =[7]D!M37 -> 523768.12 | AJ9: =[7]D!N37 -> 581834.9 | AK9: =[7]D!O37 -> 591953.77 | AL9: =[7]D!D37 -> 634556.96 | AM9: =[7]D!E37 -> 813943.27 | AN9: =[7]D!F37 -> 983202.72 | AP9: =SUM(E9:P9) -> 9890657.7 | AQ9: =SUM(Q9:AB9) -> 9569914.5 | AR9: =SUM(AC9:AN9) -> 9873461.5
A10: Firm Revenues | B10: =SUM(B5:B9) -> 3405749 | C10: =SUM(C5:C9) -> 6248842.3 | D10: =SUM(D5:D9) -> 9179298.7 | E10: =SUM(E5:E9) -> 11769046 | F10: =SUM(F5:F9) -> 12206782 | G10: =SUM(G5:G9) -> 10897699 | H10: =SUM(H5:H9) -> 8319996.3 | I10: =SUM(I5:I9) -> 5094654.2 | ... AN10: =SUM(AN5:AN9) -> 8707067 | AP10: =SUM(E10:P10) -> 77711568 | AQ10: =SUM(Q10:AB10) -> 74141651 | AR10: =SUM(AC10:AN10) -> 76571578
A11: Total Interruptible | B11: =[8]D!C$38 -> 1978922.5 | C11: =[8]D!D$38 -> 2440066.4 | D11: =[8]D!E$38 -> 2890888.9 | E11: =[8]D!F$38 -> 3237858 | F11: =[8]D!G$38 -> 2726486.4 | G11: =[8]D!H$38 -> 2676638.3 | H11: =[8]D!I$38 -> 1581482.3 | I11: =[8]D!J$38 -> 1450962.8 | ... M11: =[8]D!N$38 -> 1597565.4 | N11: =[6]D!C38 -> 1700708 | O11: =[6]D!D38 -> 2515863.4 | P11: =[6]D!E38 -> 3031365.8 | Q11: =[6]D!F38 -> 3103875.5 | R11: =[6]D!G38 -> 2504513.4 | S11: =[6]D!H38 -> 2461932.4 | T11: =[6]D!I38 -> 1819535.5 | U11: =[6]D!J38 -> 1301664.3 | ... AB11: =[6]D!Q38 -> 3083452.3 | AC11: =[7]D!G$40 -> 3511815.1 | AD11: =[7]D!H$40 -> 3353357.6 | AE11: =[7]D!I$40 -> 2958824.9 | AF11: =[7]D!J$40 -> 1822004.1 | AG11: =[7]D!K$40 -> 1408439.4 | AH11: =[7]D!L$40 -> 1608214.4 | AI11: =[7]D!M$40 -> 1648739.6 | AJ11: =[7]D!N$40 -> 1639618.8 | AK11: =[7]D!O$40 -> 1579630.4 | AL11: =[7]D!D$40 -> 1656449.6 | AM11: =[7]D!E$40 -> 2268636.5 | AN11: =[7]D!F$40 -> 3404902.4 | AP11: =SUM(E11:P11) -> 24969359 | AQ11: =SUM(Q11:AB11) -> 24367043 | AR11: =SUM(AC11:AN11) -> 26860633
A12: Less Exempt Interruptible Customers | B12: =[8]F!D$255+[8]F!D$270+[8]F!D$422 -> 963197.6 | C12: =[8]F!E$255+[8]F!E$270+[8]F!E$422 -> 1278193.7 | D12: =[8]F!F$255+[8]F!F$270+[8]F!F$422 -> 1570295.7 | E12: =[8]F!G$255+[8]F!G$270+[8]F!G$422 -> 1841910.7 | F12: =[8]F!H$255+[8]F!H$270+[8]F!H$422 -> 1484261.2 | G12: =[8]F!I$255+[8]F!I$270+[8]F!I$422 -> 1386459.1 | H12: =[8]F!J$255+[8]F!J$270+[8]F!J$422 -> 724830.23 | I12: =[8]F!K$255+[8]F!K$270+[8]F!K$422 -> 658454.3 | ... M12: =[8]F!O$255+[8]F!O$270+[8]F!O$422 -> 737447.9 | N12: =[6]F!D255+[6]F!D270+[6]F!D422 -> 852974.58 | O12: =[6]F!E255+[6]F!E270+[6]F!E422 -> 1544355.4 | P12: =[6]F!F255+[6]F!F270+[6]F!F422 -> 1882543.6 | Q12: =[6]F!G255+[6]F!G270+[6]F!G422 -> 1782838.7 | R12: =[6]F!H255+[6]F!H270+[6]F!H422 -> 1377960.4 | S12: =[6]F!I255+[6]F!I270+[6]F!I422 -> 1358933 | T12: =[6]F!J255+[6]F!J270+[6]F!J422 -> 992012.11 | U12: =[6]F!K255+[6]F!K270+[6]F!K422 -> 557729.38 | ... AB12: =[6]F!R255+[6]F!R270+[6]F!R422 -> 1887309.6 | AC12: =[7]F!G$255+[7]F!G$270+[7]F!G$422 -> 2073200.9 | AD12: =[7]F!H$255+[7]F!H$270+[7]F!H$422 -> 2033817.2 | AE12: =[7]F!I$255+[7]F!I$270+[7]F!I$422 -> 1684304.1 | AF12: =[7]F!J$255+[7]F!J$270+[7]F!J$422 -> 846951.99 | AG12: =[7]F!K$255+[7]F!K$270+[7]F!K$422 -> 562290.12 | AH12: =[7]F!L$255+[7]F!L$270+[7]F!L$422 -> 774335.09 | AI12: =[7]F!M$255+[7]F!M$270+[7]F!M$422 -> 800008.21 | AJ12: =[7]F!N$255+[7]F!N$270+[7]F!N$422 -> 788812.01 | AK12: =[7]F!O$255+[7]F!O$270+[7]F!O$422 -> 807299.53 | AL12: =[7]F!D$255+[7]F!D$270+[7]F!D$422 -> 817011.29 | AM12: =[7]F!E$255+[7]F!E$270+[7]F!E$422 -> 1187623.2 | AN12: =[7]F!F$255+[7]F!F$270+[7]F!F$422 -> 2090546.1 | AP12: =SUM(E12:P12) -> 13117602 | AQ12: =SUM(Q12:AB12) -> 13244707 | AR12: =SUM(AC12:AN12) -> 14466200
A13: Net Interruptibles | B13: =B11-B12 -> 1015724.9 | C13: =C11-C12 -> 1161872.7 | D13: =D11-D12 -> 1320593.2 | E13: =E11-E12 -> 1395947.3 | F13: =F11-F12 -> 1242225.3 | G13: =G11-G12 -> 1290179.2 | H13: =H11-H12 -> 856652.07 | I13: =I11-I12 -> 792508.54 | ... AN13: =AN11-AN12 -> 1314356.3 | AP13: =SUM(E13:P13) -> 11851757 | AQ13: =SUM(Q13:AB13) -> 11122335 | AR13: =SUM(AC13:AN13) -> 12394433
A14: SUB-TOTAL: Firm + Interruptible | B14: =B10+B13 -> 4421473.9 | C14: =C10+C13 -> 7410715 | D14: =D10+D13 -> 10499892 | E14: =E10+E13 -> 13164993 | F14: =F10+F13 -> 13449007 | G14: =G10+G13 -> 12187878 | H14: =H10+H13 -> 9176648.4 | I14: =I10+I13 -> 5887162.7 | ... AN14: =AN10+AN13 -> 10021423 | AP14: =SUM(E14:P14) -> 89563325 | AQ14: =SUM(Q14:AB14) -> 85263986 | AR14: =SUM(AC14:AN14) -> 88966011
B18: =B3 -> 2018 | C18: =C3 -> 2018 | D18: =D3 -> 2018 | E18: =E3 -> 2019 | F18: =F3 -> 2019 | G18: =G3 -> 2019 | H18: =H3 -> 2019 | I18: =I3 -> 2019 | ... M18: =M3 -> 2019 | N18: =[6]D!C4 -> 2019 | O18: =O3 -> 2019 | P18: =P3 -> 2019 | Q18: =Q3 -> 2020 | R18: =R3 -> 2020 | S18: =S3 -> 2020 | T18: =T3 -> 2020 | U18: =U3 -> 2020 | V18: =V3 -> 2020 | ... AB18: =AB3 -> 2020 | AC18: =[7]D!G$4 -> 2021 | AD18: =[7]D!H$4 -> 2021 | AE18: =[7]D!I$4 -> 2021 | AF18: =[7]D!J$4 -> 2021 | AG18: =[7]D!K$4 -> 2021 | AH18: =[7]D!L$4 -> 2021 | AI18: =[7]D!M$4 -> 2021 | AJ18: =[7]D!N$4 -> 2021 | AK18: =[7]D!O$4 -> 2021 | AL18: =[7]D!D$4 -> 2020 | AM18: =[7]D!E$4 -> 2020 | AN18: =[7]D!F$4 -> 2020 | AP18: Sum | AQ18: sum | AR18: sum
A19: MCF SALES | B19: =B4 -> October | C19: =C4 -> November | D19: =D4 -> December | E19: =E4 -> January | F19: =F4 -> February | G19: =G4 -> March | H19: =H4 -> April | I19: =I4 -> May | ... M19: =M4 -> September | N19: =[6]D!C5 -> October | O19: =O4 -> November | P19: =P4 -> December | Q19: =Q4 -> January | R19: =R4 -> February | S19: =S4 -> March | T19: =T4 -> April | U19: =U4 -> May | V19: =V4 -> June | ... AB19: =AB4 -> December | AC19: =[7]D!G$5 -> January | AD19: =[7]D!H$5 -> February | AE19: =[7]D!I$5 -> March | AF19: =[7]D!J$5 -> April | AG19: =[7]D!K$5 -> May | AH19: =[7]D!L$5 -> June | AI19: =[7]D!M$5 -> July | AJ19: =[7]D!N$5 -> August | AK19: =[7]D!O$5 -> September | AL19: =[7]D!D$5 -> October | AM19: =[7]D!E$5 -> November | AN19: =[7]D!F$5 -> December | AP19: =AP4 -> CY 2019 total | AQ19: =AQ4 -> CY 2020 Total | AR19: =AR4 -> CY 2021 Total
A20: R | B20: =[8]D!C17 -> 120518 | C20: =[8]D!D17 -> 318873 | D20: =[8]D!E17 -> 501814 | E20: =[8]D!F17 -> 648588 | F20: =[8]D!G17 -> 688125 | G20: =[8]D!H17 -> 595590 | H20: =[8]D!I17 -> 440533 | I20: =[8]D!J17 -> 235062 | ... M20: =[8]D!N17 -> 88346 | N20: =[6]D!C17 -> 121157 | O20: =[6]D!D17 -> 289124 | P20: =[6]D!E17 -> 478014 | Q20: =[6]D!F17 -> 675005 | R20: =[6]D!G17 -> 695640 | S20: =[6]D!H17 -> 595377 | T20: =[6]D!I17 -> 440088 | U20: =[6]D!J17 -> 242313 | ... AB20: =[6]D!Q17 -> 483830 | AC20: =[7]D!G17 -> 693189 | AD20: =[7]D!H17 -> 705211 | AE20: =[7]D!I17 -> 588941 | AF20: =[7]D!J17 -> 455229 | AG20: =[7]D!K17 -> 255006 | AH20: =[7]D!L17 -> 131517 | AI20: =[7]D!M17 -> 88127 | AJ20: =[7]D!N17 -> 83422 | AK20: =[7]D!O17 -> 86711 | AL20: =[7]D!D17 -> 125799 | AM20: =[7]D!E17 -> 298335 | AN20: =[7]D!F17 -> 491858 | AP20: =SUM(E20:P20) -> 3890897 | AQ20: =SUM(Q20:AB20) -> 3931986 | AR20: =SUM(AC20:AN20) -> 4003345
A21: G1 | B21: =[8]D!C18 -> 9190 | C21: =[8]D!D18 -> 36622 | D21: =[8]D!E18 -> 78086 | E21: =[8]D!F18 -> 124169 | F21: =[8]D!G18 -> 132361 | G21: =[8]D!H18 -> 110930 | H21: =[8]D!I18 -> 70068 | I21: =[8]D!J18 -> 24864 | ... M21: =[8]D!N18 -> 3945 | N21: =[6]D!C18 -> 9666 | O21: =[6]D!D18 -> 40600 | P21: =[6]D!E18 -> 82987 | Q21: =[6]D!F18 -> 131097 | R21: =[6]D!G18 -> 132473 | S21: =[6]D!H18 -> 106478 | T21: =[6]D!I18 -> 69218 | U21: =[6]D!J18 -> 26415 | ... AB21: =[6]D!Q18 -> 83997 | AC21: =[7]D!G18 -> 131597 | AD21: =[7]D!H18 -> 133294 | AE21: =[7]D!I18 -> 104194 | AF21: =[7]D!J18 -> 71000 | AG21: =[7]D!K18 -> 27878 | AH21: =[7]D!L18 -> 7339 | AI21: =[7]D!M18 -> 3816 | AJ21: =[7]D!N18 -> 3747 | AK21: =[7]D!O18 -> 3227 | AL21: =[7]D!D18 -> 10046 | AM21: =[7]D!E18 -> 42960 | AN21: =[7]D!F18 -> 86667 | AP21: =SUM(E21:P21) -> 614600 | AQ21: =SUM(Q21:AB21) -> 618676 | AR21: =SUM(AC21:AN21) -> 625765
A22: G2 | B22: =[8]D!C19 -> 9815 | C22: =[8]D!D19 -> 13190 | D22: =[8]D!E19 -> 17658 | E22: =[8]D!F19 -> 22342 | F22: =[8]D!G19 -> 24510 | G22: =[8]D!H19 -> 22609 | H22: =[8]D!I19 -> 18720 | I22: =[8]D!J19 -> 13342 | ... M22: =[8]D!N19 -> 9886 | N22: =[6]D!C19 -> 11080 | O22: =[6]D!D19 -> 15437 | P22: =[6]D!E19 -> 20839 | Q22: =[6]D!F19 -> 25809 | R22: =[6]D!G19 -> 27001 | S22: =[6]D!H19 -> 23989 | T22: =[6]D!I19 -> 20264 | U22: =[6]D!J19 -> 14436 | ... AB22: =[6]D!Q19 -> 20878 | AC22: =[7]D!G19 -> 27333 | AD22: =[7]D!H19 -> 28789 | AE22: =[7]D!I19 -> 24365 | AF22: =[7]D!J19 -> 21313 | AG22: =[7]D!K19 -> 14612 | AH22: =[7]D!L19 -> 10863 | AI22: =[7]D!M19 -> 7922 | AJ22: =[7]D!N19 -> 9190 | AK22: =[7]D!O19 -> 10035 | AL22: =[7]D!D19 -> 10914 | AM22: =[7]D!E19 -> 15540 | AN22: =[7]D!F19 -> 21665 | AP22: =SUM(E22:P22) -> 186745 | AQ22: =SUM(Q22:AB22) -> 198855 | AR22: =SUM(AC22:AN22) -> 202541
A23: G3 | B23: =[8]D!C20 -> 16909 | C23: =[8]D!D20 -> 51067 | D23: =[8]D!E20 -> 95473 | E23: =[8]D!F20 -> 142875 | F23: =[8]D!G20 -> 148401 | G23: =[8]D!H20 -> 125185 | H23: =[8]D!I20 -> 84050 | I23: =[8]D!J20 -> 35575 | ... M23: =[8]D!N20 -> 8095 | N23: =[6]D!C20 -> 16626 | O23: =[6]D!D20 -> 51976 | P23: =[6]D!E20 -> 93797 | Q23: =[6]D!F20 -> 136611 | R23: =[6]D!G20 -> 137902 | S23: =[6]D!H20 -> 113365 | T23: =[6]D!I20 -> 76751 | U23: =[6]D!J20 -> 34044 | ... AB23: =[6]D!Q20 -> 94125 | AC23: =[7]D!G20 -> 144506 | AD23: =[7]D!H20 -> 146807 | AE23: =[7]D!I20 -> 116900 | AF23: =[7]D!J20 -> 82832 | AG23: =[7]D!K20 -> 36908 | AH23: =[7]D!L20 -> 11614 | AI23: =[7]D!M20 -> 5403 | AJ23: =[7]D!N20 -> 5275 | AK23: =[7]D!O20 -> 6197 | AL23: =[7]D!D20 -> 17661 | AM23: =[7]D!E20 -> 57126 | AN23: =[7]D!F20 -> 101572 | AP23: =SUM(E23:P23) -> 731904 | AQ23: =SUM(Q23:AB23) -> 689915 | AR23: =SUM(AC23:AN23) -> 732801
A24: G4 | B24: =[8]D!C21 -> 87642 | C24: =[8]D!D21 -> 111387 | D24: =[8]D!E21 -> 136446 | E24: =[8]D!F21 -> 163453 | F24: =[8]D!G21 -> 170671 | G24: =[8]D!H21 -> 160357 | H24: =[8]D!I21 -> 136474 | I24: =[8]D!J21 -> 104211 | ... M24: =[8]D!N21 -> 85981 | N24: =[6]D!C21 -> 92234 | O24: =[6]D!D21 -> 121353 | P24: =[6]D!E21 -> 145820 | Q24: =[6]D!F21 -> 177539 | R24: =[6]D!G21 -> 178314 | S24: =[6]D!H21 -> 166268 | T24: =[6]D!I21 -> 143563 | U24: =[6]D!J21 -> 112293 | ... AB24: =[6]D!Q21 -> 146660 | AC24: =[7]D!G21 -> 187150 | AD24: =[7]D!H21 -> 186764 | AE24: =[7]D!I21 -> 171175 | AF24: =[7]D!J21 -> 151038 | AG24: =[7]D!K21 -> 118570 | AH24: =[7]D!L21 -> 96080 | AI24: =[7]D!M21 -> 77521 | AJ24: =[7]D!N21 -> 87384 | AK24: =[7]D!O21 -> 89390 | AL24: =[7]D!D21 -> 96591 | AM24: =[7]D!E21 -> 127548 | AN24: =[7]D!F21 -> 155960 | AP24: =SUM(E24:P24) -> 1418998 | AQ24: =SUM(Q24:AB24) -> 1474081 | AR24: =SUM(AC24:AN24) -> 1545171
A25: Total Firm | B25: =SUM(B20:B24) -> 244074 | C25: =SUM(C20:C24) -> 531139 | D25: =SUM(D20:D24) -> 829477 | E25: =SUM(E20:E24) -> 1101427 | F25: =SUM(F20:F24) -> 1164068 | G25: =SUM(G20:G24) -> 1014671 | H25: =SUM(H20:H24) -> 749845 | I25: =SUM(I20:I24) -> 413054 | ... AN25: =SUM(AN20:AN24) -> 857722 | AP25: =SUM(E25:P25) -> 6843144 | AQ25: =SUM(Q25:AB25) -> 6913513 | AR25: =SUM(AC25:AN25) -> 7109623
A26: Interuptible Sales | B26: =[8]D!C23 -> 476924 | C26: =[8]D!D23 -> 561831 | D26: =[8]D!E23 -> 622645 | E26: =[8]D!F23 -> 690420 | F26: =[8]D!G23 -> 581872 | G26: =[8]D!H23 -> 581569 | H26: =[8]D!I23 -> 406794 | I26: =[8]D!J23 -> 380665 | ... M26: =[8]D!N23 -> 426467 | N26: =[6]D!C23 -> 510113 | O26: =[6]D!D23 -> 684692 | P26: =[6]D!E23 -> 754364 | Q26: =[6]D!F23 -> 754724 | R26: =[6]D!G23 -> 609943 | S26: =[6]D!H23 -> 612894 | T26: =[6]D!I23 -> 548714 | U26: =[6]D!J23 -> 378130 | ... AB26: =[6]D!Q23 -> 756810 | AC26: =[7]D!G29 -> 774990 | AD26: =[7]D!H29 -> 716045 | AE26: =[7]D!I29 -> 651653 | AF26: =[7]D!J29 -> 470251 | AG26: =[7]D!K29 -> 361805 | AH26: =[7]D!L29 -> 427391 | AI26: =[7]D!M29 -> 434369 | AJ26: =[7]D!N29 -> 430210 | AK26: =[7]D!O29 -> 418538 | AL26: =[7]D!D29 -> 497889 | AM26: =[7]D!E29 -> 554633 | AN26: =[7]D!F29 -> 756049 | AP26: =SUM(E26:P26) -> 6199063 | AQ26: =SUM(Q26:AB26) -> 6621416 | AR26: =SUM(AC26:AN26) -> 6493823
A27: Less Exempt Interruptible Customers | B27: =[8]F!D$247+[8]F!D$262+[8]F!D$412 -> 248124 | C27: =[8]F!E$247+[8]F!E$262+[8]F!E$412 -> 315351 | D27: =[8]F!F$247+[8]F!F$262+[8]F!F$412 -> 347396 | E27: =[8]F!G$247+[8]F!G$262+[8]F!G$412 -> 401100 | F27: =[8]F!H$247+[8]F!H$262+[8]F!H$412 -> 325915 | G27: =[8]F!I$247+[8]F!I$262+[8]F!I$412 -> 309344 | H27: =[8]F!J$247+[8]F!J$262+[8]F!J$412 -> 198314 | I27: =[8]F!K$247+[8]F!K$262+[8]F!K$412 -> 188237 | ... M27: =[8]F!O$247+[8]F!O$262+[8]F!O$412 -> 216402 | N27: =[6]F!D247+[6]F!D262+[6]F!D412 -> 281181 | O27: =[6]F!E247+[6]F!E262+[6]F!E412 -> 445826 | P27: =[6]F!F247+[6]F!F262+[6]F!F412 -> 480525 | Q27: =[6]F!G247+[6]F!G262+[6]F!G412 -> 444539 | R27: =[6]F!H247+[6]F!H262+[6]F!H412 -> 345279 | S27: =[6]F!I247+[6]F!I262+[6]F!I412 -> 348604 | T27: =[6]F!J247+[6]F!J262+[6]F!J412 -> 324973 | U27: =[6]F!K247+[6]F!K262+[6]F!K412 -> 174330 | ... AB27: =[6]F!R247+[6]F!R262+[6]F!R412 -> 480525 | AC27: =[7]D!G30 -> 474430 | AD27: =[7]D!H30 -> 449292 | AE27: =[7]D!I30 -> 384187 | AF27: =[7]D!J30 -> 236883 | AG27: =[7]D!K30 -> 155845 | AH27: =[7]D!L30 -> 225716 | AI27: =[7]D!M30 -> 231535 | AJ27: =[7]D!N30 -> 227242 | AK27: =[7]D!O30 -> 233671 | AL27: =[7]D!D30 -> 270473 | AM27: =[7]D!E30 -> 311694 | AN27: =[7]D!F30 -> 480960 | AP27: =SUM(E27:P27) -> 3430330 | AQ27: =SUM(Q27:AB27) -> 3802127 | AR27: =SUM(AC27:AN27) -> 3681928
A28: Net Interruptible | B28: =B26-B27 -> 228800 | C28: =C26-C27 -> 246480 | D28: =D26-D27 -> 275249 | E28: =E26-E27 -> 289320 | F28: =F26-F27 -> 255957 | G28: =G26-G27 -> 272225 | H28: =H26-H27 -> 208480 | I28: =I26-I27 -> 192428 | ... AN28: =AN26-AN27 -> 275089 | AP28: =SUM(E28:P28) -> 2768733 | AQ28: =SUM(Q28:AB28) -> 2819289 | AR28: =SUM(AC28:AN28) -> 2811895
A29: Total Mcf Sales | B29: =B25+B28 -> 472874 | C29: =C25+C28 -> 777619 | D29: =D25+D28 -> 1104726 | E29: =E25+E28 -> 1390747 | F29: =F25+F28 -> 1420025 | G29: =G25+G28 -> 1286896 | H29: =H25+H28 -> 958325 | I29: =I25+I28 -> 605482 | ... AN29: =AN25+AN28 -> 1132811 | AP29: =SUM(E29:P29) -> 9611877 | AQ29: =SUM(Q29:AB29) -> 9732802 | AR29: =SUM(AC29:AN29) -> 9921518
N31: =N18 -> 2019
A32: Number of Customers | N32: =N19 -> October | AP32: avg | AQ32: avg | AR32: avg
A33: R | B33: =[8]D!C7 -> 45831 | C33: =[8]D!D7 -> 46471 | D33: =[8]D!E7 -> 46838 | E33: =[8]D!F7 -> 46977 | F33: =[8]D!G7 -> 47038 | G33: =[8]D!H7 -> 47078 | H33: =[8]D!I7 -> 47071 | I33: =[8]D!J7 -> 46919 | ... M33: =[8]D!N7 -> 46109 | N33: =[6]D!C7 -> 46469 | O33: =[6]D!D7 -> 47037 | P33: =[6]D!E7 -> 47365 | Q33: =[6]D!F7 -> 47508 | R33: =[6]D!G7 -> 47557 | S33: =[6]D!H7 -> 47610 | T33: =[6]D!I7 -> 47614 | U33: =[6]D!J7 -> 47493 | ... AB33: =[6]D!Q7 -> 47985 | AC33: =[7]D!G7 -> 48293 | AD33: =[7]D!H7 -> 48343 | AE33: =[7]D!I7 -> 48399 | AF33: =[7]D!J7 -> 48407 | AG33: =[7]D!K7 -> 48278 | AH33: =[7]D!L7 -> 48004 | AI33: =[7]D!M7 -> 47687 | AJ33: =[7]D!N7 -> 47600 | AK33: =[7]D!O7 -> 47647 | AL33: =[7]D!D7 -> 47381 | AM33: =[7]D!E7 -> 47864 | AN33: =[7]D!F7 -> 48156 | AP33: =AVERAGE(E33:P33) -> 46738.167 | AQ33: =AVERAGE(Q33:AB33) -> 47330.75 | AR33: =AVERAGE(AC33:AN33) -> 48004.917
A34: G1 | B34: =[8]D!C8 -> 3927 | C34: =[8]D!D8 -> 4052 | D34: =[8]D!E8 -> 4099 | E34: =[8]D!F8 -> 4124 | F34: =[8]D!G8 -> 4132 | G34: =[8]D!H8 -> 4133 | H34: =[8]D!I8 -> 4133 | I34: =[8]D!J8 -> 4095 | ... M34: =[8]D!N8 -> 3954 | N34: =[6]D!C8 -> 3925 | O34: =[6]D!D8 -> 4054 | P34: =[6]D!E8 -> 4101 | Q34: =[6]D!F8 -> 4132 | R34: =[6]D!G8 -> 4141 | S34: =[6]D!H8 -> 4143 | T34: =[6]D!I8 -> 4146 | U34: =[6]D!J8 -> 4112 | ... AB34: =[6]D!Q8 -> 4190 | AC34: =[7]D!G8 -> 4099 | AD34: =[7]D!H8 -> 4111 | AE34: =[7]D!I8 -> 4112 | AF34: =[7]D!J8 -> 4113 | AG34: =[7]D!K8 -> 4083 | AH34: =[7]D!L8 -> 4012 | AI34: =[7]D!M8 -> 3962 | AJ34: =[7]D!N8 -> 3943 | AK34: =[7]D!O8 -> 3893 | AL34: =[7]D!D8 -> 3899 | AM34: =[7]D!E8 -> 4016 | AN34: =[7]D!F8 -> 4066 | AP34: =AVERAGE(E34:P34) -> 4048.75 | AQ34: =AVERAGE(Q34:AB34) -> 4081.8333 | AR34: =AVERAGE(AC34:AN34) -> 4025.75
A35: G2 | B35: =[8]D!C9 -> 883 | C35: =[8]D!D9 -> 887 | D35: =[8]D!E9 -> 891 | E35: =[8]D!F9 -> 892 | F35: =[8]D!G9 -> 892 | G35: =[8]D!H9 -> 893 | H35: =[8]D!I9 -> 894 | I35: =[8]D!J9 -> 894 | ... M35: =[8]D!N9 -> 879 | N35: =[6]D!C9 -> 983 | O35: =[6]D!D9 -> 988 | P35: =[6]D!E9 -> 991 | Q35: =[6]D!F9 -> 992 | R35: =[6]D!G9 -> 992 | S35: =[6]D!H9 -> 990 | T35: =[6]D!I9 -> 989 | U35: =[6]D!J9 -> 990 | ... AB35: =[6]D!Q9 -> 993 | AC35: =[7]D!G9 -> 1032 | AD35: =[7]D!H9 -> 1034 | AE35: =[7]D!I9 -> 1032 | AF35: =[7]D!J9 -> 1032 | AG35: =[7]D!K9 -> 1028 | AH35: =[7]D!L9 -> 1022 | AI35: =[7]D!M9 -> 1018 | AJ35: =[7]D!N9 -> 1018 | AK35: =[7]D!O9 -> 1067 | AL35: =[7]D!D9 -> 1021 | AM35: =[7]D!E9 -> 1029 | AN35: =[7]D!F9 -> 1032 | AP35: =AVERAGE(E35:P35) -> 914 | AQ35: =AVERAGE(Q35:AB35) -> 988.25 | AR35: =AVERAGE(AC35:AN35) -> 1030.4167
A36: G3 | B36: =[8]D!C10 -> 500 | C36: =[8]D!D10 -> 504 | D36: =[8]D!E10 -> 509 | E36: =[8]D!F10 -> 513 | F36: =[8]D!G10 -> 513 | G36: =[8]D!H10 -> 513 | H36: =[8]D!I10 -> 513 | I36: =[8]D!J10 -> 514 | ... M36: =[8]D!N10 -> 509 | N36: =[6]D!C10 -> 476 | O36: =[6]D!D10 -> 478 | P36: =[6]D!E10 -> 481 | Q36: =[6]D!F10 -> 482 | R36: =[6]D!G10 -> 483 | S36: =[6]D!H10 -> 484 | T36: =[6]D!I10 -> 484 | U36: =[6]D!J10 -> 487 | ... AB36: =[6]D!Q10 -> 487 | AC36: =[7]D!G10 -> 507 | AD36: =[7]D!H10 -> 508 | AE36: =[7]D!I10 -> 506 | AF36: =[7]D!J10 -> 501 | AG36: =[7]D!K10 -> 504 | AH36: =[7]D!L10 -> 501 | AI36: =[7]D!M10 -> 497 | AJ36: =[7]D!N10 -> 497 | AK36: =[7]D!O10 -> 490 | AL36: =[7]D!D10 -> 498 | AM36: =[7]D!E10 -> 502 | AN36: =[7]D!F10 -> 507 | AP36: =AVERAGE(E36:P36) -> 503.91667 | AQ36: =AVERAGE(Q36:AB36) -> 483.83333 | AR36: =AVERAGE(AC36:AN36) -> 501.5
A37: G4 | B37: =[8]D!C11 -> 515 | C37: =[8]D!D11 -> 517 | D37: =[8]D!E11 -> 518 | E37: =[8]D!F11 -> 519 | F37: =[8]D!G11 -> 521 | G37: =[8]D!H11 -> 522 | H37: =[8]D!I11 -> 521 | I37: =[8]D!J11 -> 524 | ... M37: =[8]D!N11 -> 522 | N37: =[6]D!C11 -> 534 | O37: =[6]D!D11 -> 536 | P37: =[6]D!E11 -> 537 | Q37: =[6]D!F11 -> 538 | R37: =[6]D!G11 -> 539 | S37: =[6]D!H11 -> 540 | T37: =[6]D!I11 -> 540 | U37: =[6]D!J11 -> 543 | ... AB37: =[6]D!Q11 -> 543 | AC37: =[7]D!G11 -> 554 | AD37: =[7]D!H11 -> 555 | AE37: =[7]D!I11 -> 555 | AF37: =[7]D!J11 -> 556 | AG37: =[7]D!K11 -> 558 | AH37: =[7]D!L11 -> 555 | AI37: =[7]D!M11 -> 555 | AJ37: =[7]D!N11 -> 557 | AK37: =[7]D!O11 -> 562 | AL37: =[7]D!D11 -> 547 | AM37: =[7]D!E11 -> 548 | AN37: =[7]D!F11 -> 552 | AP37: =AVERAGE(E37:P37) -> 525 | AQ37: =AVERAGE(Q37:AB37) -> 540.08333 | AR37: =AVERAGE(AC37:AN37) -> 554.5
A38: Total Firm | B38: =SUM(B33:B37) -> 51656 | C38: =SUM(C33:C37) -> 52431 | D38: =SUM(D33:D37) -> 52855 | E38: =SUM(E33:E37) -> 53025 | F38: =SUM(F33:F37) -> 53096 | G38: =SUM(G33:G37) -> 53139 | H38: =SUM(H33:H37) -> 53132 | I38: =SUM(I33:I37) -> 52946 | ... AN38: =SUM(AN33:AN37) -> 54313 | AP38: =AVERAGE(E38:P38) -> 52729.833 | AQ38: =AVERAGE(Q38:AB38) -> 53424.75 | AR38: =AVERAGE(AC38:AN38) -> 54117.083
A39: Interuptible Sales | B39: =[8]D!C$12 -> 46 | C39: =[8]D!D$12 -> 44 | D39: =[8]D!E$12 -> 44 | E39: =[8]D!F$12 -> 43 | F39: =[8]D!G$12 -> 43 | G39: =[8]D!H$12 -> 43 | H39: =[8]D!I$12 -> 46 | I39: =[8]D!J$12 -> 47 | ... M39: =[8]D!N$12 -> 46 | N39: =[6]D!C12 -> 46 | O39: =[6]D!D12 -> 45 | P39: =[6]D!E12 -> 44 | Q39: =[6]D!F12 -> 43 | R39: =[6]D!G12 -> 43 | S39: =[6]D!H12 -> 43 | T39: =[6]D!I12 -> 45 | U39: =[6]D!J12 -> 46 | ... AB39: =[6]D!Q12 -> 44 | AC39: =[7]D!G12 -> 43 | AD39: =[7]D!H12 -> 43 | AE39: =[7]D!I12 -> 43 | AF39: =[7]D!J12 -> 45 | AG39: =[7]D!K12 -> 46 | AH39: =[7]D!L12 -> 46 | AI39: =[7]D!M12 -> 46 | AJ39: =[7]D!N12 -> 46 | AK39: =[7]D!O12 -> 46 | AL39: =[7]D!D12 -> 46 | AM39: =[7]D!E12 -> 45 | AN39: =[7]D!F12 -> 44 | AP39: =AVERAGE(E39:P39) -> 45.083333 | AQ39: =AVERAGE(Q39:AB39) -> 44.916667 | AR39: =AVERAGE(AC39:AN39) -> 44.916667
A40: Less Exempt Interruptible Customers | B40: 3 | C40: 3 | D40: 3 | E40: 3 | F40: 3 | G40: 3 | H40: 3 | I40: 3 | J40: 3 | K40: 3 | L40: 3 | M40: 3 | N40: 3 | O40: 3 | P40: 3 | Q40: 3 | R40: 3 | S40: 3 | T40: 3 | U40: 3 | V40: 3 | W40: 3 | X40: 3 | Y40: 3 | Z40: 3 | AA40: 3 | AB40: 3 | AC40: 3 | AD40: 3 | AE40: 3 | AF40: 3 | AG40: 3 | AH40: 3 | AI40: 3 | AJ40: 3 | AK40: 3 | AL40: 3 | AM40: 3 | AN40: 3 | AP40: =AVERAGE(E40:P40) -> 3 | AQ40: =AVERAGE(Q40:AB40) -> 3 | AR40: =AVERAGE(AC40:AN40) -> 3
A41: Net Interruptible | B41: =B39-B40 -> 43 | C41: =C39-C40 -> 41 | D41: =D39-D40 -> 41 | E41: =E39-E40 -> 40 | F41: =F39-F40 -> 40 | G41: =G39-G40 -> 40 | H41: =H39-H40 -> 43 | I41: =I39-I40 -> 44 | ... AN41: =AN39-AN40 -> 41 | AP41: =AVERAGE(E41:P41) -> 42.083333 | AQ41: =AVERAGE(Q41:AB41) -> 41.916667 | AR41: =AVERAGE(AC41:AN41) -> 41.916667
A42: Total customers | B42: =B41+B38 -> 51699 | C42: =C41+C38 -> 52472 | D42: =D41+D38 -> 52896 | E42: =E41+E38 -> 53065 | F42: =F41+F38 -> 53136 | G42: =G41+G38 -> 53179 | H42: =H41+H38 -> 53175 | I42: =I41+I38 -> 52990 | ... AN42: =AN41+AN38 -> 54354 | AP42: =AVERAGE(E42:P42) -> 52771.917 | AQ42: =AVERAGE(Q42:AB42) -> 53466.667 | AR42: =AVERAGE(AC42:AN42) -> 54159
A45: Data source
A46: old source for 2017 EEC charge factored Nov 2016 was Jan-Dec -February 2017 PGA file
A47: Source above is L:\supply\budget\17-18\update\Sept17 FY18.xls
A48: L:\EVERYONE\DSM\Case 20-2022 setting 2021 EEC charge\TL-1 NG Projections for EEC rates

Sheet EEU PSD Proposed budgets18-20
A1: EEU 2015-02 - September 22, 2015
A3: VGS TPP NG EEC Budget Recommendation
A4: Funded via Natual Gas EEC | C4: 2016 | D4: 2017 | E4: 2-yr Total
A5: Vermont Gas EE Program
A6: Resource Acquisition | C6: 2513464.3 | D6: 2720276 | E6: 5233740.3
A7: Non-Resource Acquisition | C7: 243964 | D7: 251449 | E7: 495413
B8: Sub-total | C8: 2757428.3 | D8: 2971725 | E8: 5729153.3
A9: Other
A10: DPS Evaluation | C10: 216860 | D10: 224360 | E10: 441220 | F10: modified 11/10/2015 (to reflect updated DPS Evaluation proposed costs as filed on 9/29/15)
A11: TEPF Clearinghouse | C11: 75330 | D11: 17670 | E11: 93000 | F11: Modified 11/10/2015 (to reflect VGS TEPF Clearinghouse cost-share)
A12: Fiscal Agent | C12: 5500 | D12: 5500 | E12: 11000 | G12: Total TEPF Clearing house cost for 2016-17
A13: Fiscal Agent Audit | C13: 2500 | D13: 2500 | E13: 5000 | I13: VGS Share 31%
B14: Sub-total | C14: 300190 | D14: 250030 | E14: 550220
B15: Natural Gas EEC-Funded Total | C15: 3057618.3 | D15: 3221755 | E15: 6279373.3
A21: DRP Case No. EEU-2016-03
A22: Approved
A23: PUC order | D23: pg # in document | E23: VGS | F23: 2018 | G23: 2019 | H23: 2020 | I23: Total 3 yr
A24: PUC Order 7/7/2017 | D24: pg 26 & 63 | E24: RA | F24: 2889201 | G24: 3014426 | H24: 3030476 | I24: =SUM(F24:H24) -> 8934103
D25: pg 14 | E25: DSS | F25: 259757 | G25: 267135 | H25: 269536 | I25: =SUM(F25:H25) -> 796428
A26: PUC order 10/12/2017 | D26: pg 19 | E26: Thermal Clearing House | F26: 14880 | G26: 14880 | H26: 14880 | I26: =SUM(F26:H26) -> 44640
E27: VGS Total | F27: =SUM(F24:F26) -> 3163838 | G27: =SUM(G24:G26) -> 3296441 | H27: =SUM(H24:H26) -> 3314892 | I27: =SUM(I24:I26) -> 9775171
E28: Potential Study
D29: pg 16 | E29: Eval ng | F29: 212500 | G29: 209300 | H29: 251800 | I29: =SUM(F29:H29) -> 673600
D30: pg 18 | E30: Fiscal Agent ng | F30: 7399 | G30: 7547 | H30: 7698 | I30: =SUM(F30:H30) -> 22644
D31: pg 18 | E31: Independent Audit ng | F31: 2500 | G31: 2550 | H31: 2601 | I31: =SUM(F31:H31) -> 7651
F32: =SUM(F29:F31) -> 222399 | G32: =SUM(G29:G31) -> 219397 | H32: =SUM(H29:H31) -> 262099 | I32: =SUM(I29:I31) -> 703895
E34: Total VGS EEC Budget | F34: =F32+F27 -> 3386237 | G34: =G32+G27 -> 3515838 | H34: =H32+H27 -> 3576991 | I34: =I32+I27 -> 10479066
E36: DPS eval/fiscal/TEPF | F36: =F32+F26 -> 237279 | G36: =G32+G26 -> 234277 | H36: =H32+H26 -> 276979

Sheet AVG Liap customers
C1: CY 2021
A2: Total CY2018 Residential | C2: ='CY 2019-2020 forecast'!AQ20 -> 3931986
A3: Low Income | C3: =C24 -> 189266.6
A5: Percent LIAP | C5: =C3/C2 -> 0.048135115
A6: Percent Rate R | C6: =(1-C5) -> 0.95186489
D16: Projected | O16: Projected | P16: Projected | Q16: Projected | R16: Projected
A17: Rate R | B17: Rate R | C17: Projected CY2021 | D17: Oct | E17: Nov | F17: Dec | G17: Jan | H17: Feb | I17: Mar | J17: Apr | K17: May | L17: June | M17: July | N17: Aug | O17: Sept | P17: Oct | Q17: Nov | R17: Dec
A19: # of Customers Enrolled in LIAP annual | B19: # of Customers Enrolled in LIAP | C19: =SUM(G19:R19) -> 24511 | D19: 2069 | E19: 2032 | F19: 2185 | G19: 2521 | H19: 2176 | I19: 1967 | J19: 1948 | K19: 1909 | L19: 1935 | M19: 1861 | N19: 1782 | O19: 2126 | P19: 2069 | Q19: 2032 | R19: 2185
A21: Average MCFUsage (MCF/Bill) | B21: Average MCFUsage (MCF/Bill) | D21: 2.7961059 | E21: 7.8934074 | F21: 11.433277 | G21: 14.367549 | H21: 16.045734 | I21: 12.531164 | J21: 9.7805224 | K21: 5.7932132 | L21: 3.2413866 | M21: 1.7685863 | N21: 1.7523215 | O21: 1.8239294 | P21: 2.7961059 | Q21: 7.8934074 | R21: 11.433277
A24: Total Mcf LIAP/Month | B24: Total Mcf LIAP/Month | C24: =SUM(G24:R24) -> 189266.6 | D24: =D21*D19 -> 5785.1432 | E24: =E21*E19 -> 16039.404 | F24: =F21*F19 -> 24981.71 | G24: =G21*G19 -> 36220.59 | H24: =H21*H19 -> 34915.518 | I24: =I21*I19 -> 24648.799 | J24: =J21*J19 -> 19052.458 | K24: =K21*K19 -> 11059.244 | ... R24: =R21*R19 -> 24981.71
B27: Monthly count | C27: =C19/12 -> 2042.5833

Sheet Rate Impact VGS
A1: VERMONT GAS SYSTEMS
A2: COMPARISON OF RATES | B2: COMPARISON OF RATES
A3: Firm Rate Impact Overall - Current and VGS Proposed Rates
E5: Current Rates effective 8/6/2019 | F5: Revenues at Current Rates | I5: Rates effective 11/1/2020, with Proposed new EEC charge | J5: Revenues at Current Rates
A7: Rate R
B8: Daily Access Charge | D8: ='CY 2019-2020 forecast'!AQ33 -> 47330.75 | E8: ='VGS rates'!BI4 -> 0.726 | F8: =E8*$D8*365 -> 12542175 | I8: ='VGS rates'!BM4 -> 0.7622 | J8: =I8*$D8*365 -> 13167557 | K8: =J8/F8-1 -> 0.049862259
B9: Monthly Equivalent | E9: =E8*365/12 -> 22.0825 | I9: =I8*365/12 -> 23.183583
B10: Natural Gas Charge | D10: ='CY 2019-2020 forecast'!AQ20 -> 3931986 | E10: ='VGS rates'!BI5 -> 0.3461 | F10: =E10*10*$D10 -> 13608604 | I10: ='VGS rates'!BM5 -> 0.3461 | J10: =I10*10*$D10 -> 13608604 | K10: =J10/F10-1 -> 0
B11: Distribution Charge | E11: ='VGS rates'!BI6 -> 0.6195 | F11: =E11*10*$D10 -> 24358653 | I11: ='VGS rates'!BM6 -> 0.6504 | J11: =I11*10*$D10 -> 25573637 | K11: =J11/F11-1 -> 0.049878935
B12: Total VGS Revenues | F12: =SUM(F8:F11) -> 50509432 | J12: =SUM(J8:J11) -> 52349797 | K12: =J12/F12-1 -> 0.036436063
B13: LIAP | E13: ='VGS rates'!BI8 -> 0.11 | F13: =E13*$D8*12 -> 62476.59 | I13: ='VGS rates'!BM8 -> 0.11 | J13: =I13*$D8*12 -> 62476.59 | K13: =J13/F13-1 -> 0
B14: VGS Revenues with LIAP | F14: =F13+F12 -> 50571909 | J14: =J13+J12 -> 52412274
B15: EEU Charge | E15: ='VGS rates'!BI7 -> 0.048 | F15: =E15*10*$D10 -> 1887353.3 | I15: ='VGS rates'!BM7 -> 0.04947 | J15: =I15*10*$D10 -> 1945153.5 | K15: =J15/F15-1 -> 0.030625
B16: Total Residential Revenues with EEU | F16: =F15+F14 -> 52459262 | J16: =J15+J14 -> 54357427 | K16: =J16/F16-1 -> 0.036183602
A18: Rate G1
B19: Daily Access Charge | D19: ='CY 2019-2020 forecast'!AQ34 -> 4081.8333 | E19: ='VGS rates'!BI11 -> 1.2032 | F19: =E19*$D19*365 -> 1792610.6 | I19: ='VGS rates'!BM11 -> 1.2632 | J19: =I19*$D19*365 -> 1882002.7 | K19: =J19/F19-1 -> 0.049867021
B20: Monthly Equivalent | E20: =E19*365/12 -> 36.597333 | I20: =I19*365/12 -> 38.422333
B21: Natural Gas Charge | D21: ='CY 2019-2020 forecast'!AQ21 -> 618676 | E21: ='VGS rates'!BI12 -> 0.4021 | F21: =E21*10*$D21 -> 2487696.2 | I21: ='VGS rates'!BM12 -> 0.4021 | J21: =I21*10*$D21 -> 2487696.2 | K21: =J21/F21-1 -> 0
B22: Distribution Charge | E22: ='VGS rates'!BI13 -> 0.482 | F22: =E22*10*$D21 -> 2982018.3 | I22: ='VGS rates'!BM13 -> 0.506 | J22: =I22*10*$D21 -> 3130500.6 | K22: =J22/F22-1 -> 0.049792531
B23: Total VGS Revenues | F23: =SUM(F19:F22) -> 7262325.1 | J23: =SUM(J19:J22) -> 7500199.5 | K23: =J23/F23-1 -> 0.032754577
B24: LIAP | E24: ='VGS rates'!BI15 -> 0.16 | F24: =E24*$D19*12 -> 7837.12 | I24: ='VGS rates'!BM15 -> 0.16 | J24: =I24*$D19*12 -> 7837.12 | K24: =J24/F24-1 -> 0
B25: VGS Revenues with LIAP | F25: =F24+F23 -> 7270162.2 | J25: =J24+J23 -> 7508036.6
B26: EEU Charge | E26: ='VGS rates'!BI14 -> 0.0454 | F26: =E26*10*$D21 -> 280878.9 | I26: ='VGS rates'!BM14 -> 0.04679 | J26: =I26*10*$D21 -> 289478.5 | K26: =J26/F26-1 -> 0.03061674
B27: Total G1 Revenues with EEU | F27: =F26+F25 -> 7551041.1 | J27: =J26+J25 -> 7797515.1 | K27: =J27/F27-1 -> 0.03264106
A29: Rate G2
B30: Daily Access Charge | D30: ='CY 2019-2020 forecast'!AQ35 -> 988.25 | E30: ='VGS rates'!BI18 -> 1.2032 | F30: =E30*$D30*365 -> 434007.78 | I30: ='VGS rates'!BM18 -> 1.2632 | J30: =I30*$D30*365 -> 455650.45 | K30: =J30/F30-1 -> 0.049867021
B31: Monthly Equivalent | E31: =E30*365/12 -> 36.597333 | I31: =I30*365/12 -> 38.422333
B32: Natural Gas Charge | D32: ='CY 2019-2020 forecast'!AQ22 -> 198855 | E32: ='VGS rates'!BI19 -> 0.2971 | F32: =E32*10*$D32 -> 590798.2 | I32: ='VGS rates'!BM19 -> 0.2971 | J32: =I32*10*$D32 -> 590798.2 | K32: =J32/F32-1 -> 0
B33: Distribution Charge | E33: ='VGS rates'!BI20 -> 0.4012 | F33: =E33*10*$D32 -> 797806.26 | I33: ='VGS rates'!BM20 -> 0.4212 | J33: =I33*10*$D32 -> 837577.26 | K33: =J33/F33-1 -> 0.049850449
B34: Total VGS Revenues | F34: =SUM(F30:F33) -> 1822612.2 | J34: =SUM(J30:J33) -> 1884025.9 | K34: =J34/F34-1 -> 0.033695415
B35: LIAP | E35: ='VGS rates'!BI22 -> 0.16 | F35: =E35*$D30*12 -> 1897.44 | I35: ='VGS rates'!BM22 -> 0.6 | J35: =I35*$D30*12 -> 7115.4 | K35: =J35/F35-1 -> 2.75
B36: VGS Revenues with LIAP | F36: =F35+F34 -> 1824509.7 | J36: =J35+J34 -> 1891141.3
B37: EEU Charge | E37: ='VGS rates'!BI21 -> 0.0352 | F37: =E37*10*$D32 -> 69996.96 | I37: ='VGS rates'!BM21 -> 0.03628 | J37: =I37*10*$D32 -> 72144.594 | K37: =J37/F37-1 -> 0.030681818
B38: Total G2 Revenues with EEU | F38: =F37+F36 -> 1894506.6 | J38: =J37+J36 -> 1963285.9 | K38: =J38/F38-1 -> 0.036304581
A40: Rate G3
B41: Daily Access Charge | D41: ='CY 2019-2020 forecast'!AQ36 -> 483.83333 | E41: ='VGS rates'!BI25 -> 3.8388 | F41: =E41*$D41*365 -> 677928.88 | I41: ='VGS rates'!BM25 -> 4.0303 | J41: =I41*$D41*365 -> 711747.62 | K41: =J41/F41-1 -> 0.049885381
B42: Monthly Equivalent | E42: =E41*365/12 -> 116.7635 | I42: =I41*365/12 -> 122.58829
B43: Natural Gas Charge | D43: ='CY 2019-2020 forecast'!AQ23 -> 689915 | E43: ='VGS rates'!BI26 -> 0.3891 | F43: =E43*10*$D43 -> 2684459.3 | I43: ='VGS rates'!BM26 -> 0.3891 | J43: =I43*10*$D43 -> 2684459.3 | K43: =J43/F43-1 -> 0
B44: Distribution Charge | E44: ='VGS rates'!BI27 -> 0.3697 | F44: =E44*10*$D43 -> 2550615.8 | I44: ='VGS rates'!BM27 -> 0.3881 | J44: =I44*10*$D43 -> 2677560.1 | K44: =J44/F44-1 -> 0.049770084
B45: Total VGS Revenues | F45: =SUM(F41:F44) -> 5913003.9 | J45: =SUM(J41:J44) -> 6073767 | K45: =J45/F45-1 -> 0.027188059
B46: LIAP | E46: ='VGS rates'!BI29 -> 1.05 | F46: =E46*$D41*12 -> 6096.3 | I46: ='VGS rates'!BM29 -> 1.05 | J46: =I46*$D41*12 -> 6096.3 | K46: =J46/F46-1 -> 0
B47: VGS Revenues with LIAP | F47: =F46+F45 -> 5919100.2 | J47: =J46+J45 -> 6079863.3
B48: EEU Charge | E48: ='VGS rates'!BI28 -> 0.0354 | F48: =E48*10*$D43 -> 244229.91 | I48: ='VGS rates'!BM28 -> 0.03649 | J48: =I48*10*$D43 -> 251749.98 | K48: =J48/F48-1 -> 0.03079096
B49: Total G3 Revenues with EEU | F49: =F48+F47 -> 6163330.1 | J49: =J48+J47 -> 6331613.3 | K49: =J49/F49-1 -> 0.027303936
A51: Rate G4
B52: Daily Access Charge | D52: ='CY 2019-2020 forecast'!AQ37 -> 540.08333 | E52: ='VGS rates'!BI32 -> 3.8388 | F52: =E52*$D52*365 -> 756744.24 | I52: ='VGS rates'!BM32 -> 4.0303 | J52: =I52*$D52*365 -> 794494.72 | K52: =J52/F52-1 -> 0.049885381
B53: Monthly Equivalent | E53: =E52*365/12 -> 116.7635 | I53: =I52*365/12 -> 122.58829
B54: Natural Gas Charge | D54: ='CY 2019-2020 forecast'!AQ24 -> 1474081 | E54: ='VGS rates'!BI33 -> 0.2966 | F54: =E54*10*$D54 -> 4372124.2 | I54: ='VGS rates'!BM33 -> 0.2966 | J54: =I54*10*$D54 -> 4372124.2 | K54: =J54/F54-1 -> 0
B55: Distribution Charge | E55: ='VGS rates'!BI34 -> 0.3108 | F55: =E55*10*$D54 -> 4581443.7 | I55: ='VGS rates'!BM34 -> 0.3263 | J55: =I55*10*$D54 -> 4809926.3 | K55: =J55/F55-1 -> 0.0498713
B56: Total VGS Revenues | F56: =SUM(F52:F55) -> 9710312.2 | J56: =SUM(J52:J55) -> 9976545.3 | K56: =J56/F56-1 -> 0.027417556
B57: LIAP | E57: ='VGS rates'!BI36 -> 1.47 | F57: =E57*$D52*12 -> 9527.07 | I57: ='VGS rates'!BM36 -> 1.47 | J57: =I57*$D52*12 -> 9527.07 | K57: =J57/F57-1 -> 0
B58: VGS Revenues with LIAP | F58: =F57+F56 -> 9719839.3 | J58: =J57+J56 -> 9986072.3
B59: EEU Charge | E59: ='VGS rates'!BI35 -> 0.0273 | F59: =E59*10*$D54 -> 402424.11 | I59: ='VGS rates'!BM35 -> 0.02814 | J59: =I59*10*$D54 -> 414806.39 | K59: =J59/F59-1 -> 0.030769231
B60: Total G4 Revenues with EEU | F60: =F59+F58 -> 10122263 | J60: =J59+J58 -> 10400879 | K60: =J60/F60-1 -> 0.027525001
B62: Grand Total VGS Revenues | F62: =F12+F23+F34+F45+F56 -> 75217686 | J62: =J12+J23+J34+J45+J56 -> 77784335 | K62: =J62/F62-1 -> 0.034122947
B63: Grand Total LIAP | F63: =F13+F24+F35+F46+F57 -> 87834.52 | J63: =J13+J24+J35+J46+J57 -> 93052.48 | K63: =J63/F63-1 -> 0.059406712
B64: Grand Total VGS with LIAP | F64: =F14+F25+F36+F47+F58 -> 75305520 | J64: =J14+J25+J36+J47+J58 -> 77877387 | K64: =J64/F64-1 -> 0.034152437
B65: Grand Total EEU | F65: =F15+F26+F37+F48+F59 -> 2884883.2 | J65: =J15+J26+J37+J48+J59 -> 2973332.9 | K65: =J65/F65-1 -> 0.030659744
B66: Grand Total with EEU | D66: =D54+D43+D32+D21+D10 -> 6913513 | F66: =F16+F27+F38+F49+F60 -> 78190403 | J66: =J16+J27+J38+J49+J60 -> 80850720 | K66: 0.015671225
B68: Total Daily Access Charge | F68: =F8+F19+F30+F41+F52 -> 16203467 | J68: =J8+J19+J30+J41+J52 -> 17011452 | K68: =J68/F68-1 -> 0.049864961
B69: Total Natural Gas Charge | F69: =F10+F21+F32+F43+F54 -> 23743681 | J69: =J10+J21+J32+J43+J54 -> 23743681 | K69: =J69/F69-1 -> 0
B70: Total Distribution Charge | F70: =F11+F22+F33+F44+F55 -> 35270537 | J70: =J11+J22+J33+J44+J55 -> 37029201 | K70: =J70/F70-1 -> 0.049862122
B71: Total Revenues | F71: =SUM(F68:F70) -> 75217686 | J71: =SUM(J68:J70) -> 77784335 | K71: =J71/F71-1 -> 0.034122947
B72: LIAP Revenues | F72: =F13+F24+F35+F46+F57 -> 87834.52 | J72: =J13+J24+J35+J46+J57 -> 93052.48 | K72: =J72/F72-1 -> 0.059406712
B73: Grand Total VGS revenues with LIAP | F73: =F71+F72 -> 75305520 | J73: =J71+J72 -> 77877387 | K73: =J73/F73-1 -> 0.034152437
B75: Total EEU Charge | F75: =F15+F26+F37+F48+F59 -> 2884883.2 | J75: =J15+J26+J37+J48+J59 -> 2973332.9 | K75: =J75/F75-1 -> 0.030659744
B76: Total Revenues w/ EEU Charge | F76: =F73+F75 -> 78190403 | J76: =J73+J75 -> 80850720 | K76: =J76/F76-1 -> 0.034023572

Sheet VGS rates
C1: "BILLS RENDERED" DATE | BM1: Proposed
B2: START> | C2: 38991 | D2: 39195 | E2: 39286 | F2: 39378 | G2: 39468 | H2: 39560 | I2: 39651 | J2: 39743 | K2: 39834 | L2: 39923 | M2: 40015 | N2: 40107 | O2: 40201 | P2: 40290 | Q2: 40382 | R2: 40475 | S2: 40566 | T2: 40655 | U2: 40746 | V2: 40838 | W2: 40931 | X2: 41021 | Y2: 41111 | Z2: 41214 | AA2: 41311 | AB2: 41401 | AC2: 74364 | AD2: 41579 | AE2: 41676 | AF2: 41767 | AG2: 41858 | AH2: 41944 | AI2: 42040 | AJ2: 42130 | AK2: 42221 | AL2: 42309 | AM2: 42401 | AN2: 42495 | AO2: 42587 | AP2: 42767 | AQ2: 42891 | AR2: 42952 | AS2: 43041 | AT2: 43132 | AU2: 43224 | AV2: 43318 | AW2: 43405 | AX2: 43497 | AY2: 43591 | AZ2: 43591 | BA2: 43683 | BB2: 43770 | BC2: 43862 | BD2: 43957 | BE2: 44049 | BI2: 43683 | BM2: 44136
A3: RATE | B3: END> | C3: 39194 | D3: 39285 | E3: 39377 | F3: 39467 | G3: 39559 | H3: 39650 | I3: 39742 | J3: 39833 | K3: 39922 | L3: 40014 | M3: 40106 | N3: 40200 | O3: 40289 | P3: 40381 | Q3: 40474 | R3: 40565 | S3: 40654 | T3: 40745 | U3: 40837 | V3: 40930 | W3: 41020 | X3: 41110 | Y3: 41213 | Z3: 41310 | AA3: 41400 | AB3: 41492 | AC3: 41578 | AD3: 41675 | AE3: 41766 | AF3: 41857 | AG3: 41943 | AH3: 42039 | AI3: 42129 | AJ3: 42220 | AK3: 42308 | AL3: 42400 | AM3: 42494 | AN3: 42586 | AO3: 42766 | AP3: 42890 | AQ3: 42951 | AR3: 43040 | AS3: 43131 | AT3: 43223 | AU3: 43317 | AV3: 43404 | AW3: 43496 | AX3: 43590 | AY3: 43682 | AZ3: 43682 | BA3: 43769 | BB3: 43861 | BC3: 43956 | BD3: 44048 | BE3: 44135 | BM3: EEC based on EEC 2021 proposal
A4: R | B4: ACCESS | C4: 0.4772 | D4: 0.4772 | E4: 0.4772 | F4: 0.4772 | G4: 0.5873 | H4: 0.5873 | I4: 0.5873 | J4: =I4 -> 0.5873 | K4: 0.6099 | L4: =K4 -> 0.6099 | M4: =L4 -> 0.6099 | N4: =M4 -> 0.6099 | O4: 0.6075 | P4: =O4 -> 0.6075 | Q4: =P4 -> 0.6075 | R4: =Q4 -> 0.6075 | S4: 0.6138 | T4: 0.6138 | U4: =T4 -> 0.6138 | V4: =U4 -> 0.6138 | W4: 0.6188 | X4: =W4 -> 0.6188 | Y4: =X4 -> 0.6188 | Z4: 0.6376 | AA4: 0.6376 | AB4: 0.6376 | AC4: 0.6376 | AD4: 0.6809 | AE4: =AD4 -> 0.6809 | AF4: =+AE4 -> 0.6809 | AG4: =+AF4 -> 0.6809 | AH4: 0.6602 | AI4: =+AH4 -> 0.6602 | AJ4: 0.6602 | AK4: 0.6602 | AL4: 0.6701 | AM4: 0.6701 | AN4: 0.6701 | AO4: 0.6718 | AP4: 0.6718 | AQ4: 0.6718 | AR4: 0.6718 | AS4: 0.6987 | AT4: 0.6987 | AU4: 0.6987 | AV4: 0.6987 | AW4: 0.726 | AX4: 0.726 | AY4: =AX4 -> 0.726 | AZ4: =AY4 -> 0.726 | BA4: =AZ4 -> 0.726 | BB4: 0.7622 | BC4: 0.7622 | BD4: 0.7622 | BE4: 0.7622 | BG4: TOTAL | BI4: =AY4 -> 0.726 | BK4: TOTAL | BM4: =BE4 -> 0.7622 | BS4: TOTAL
B5: GAS | C5: 0.9894 | D5: 1.0737 | E5: 1.1525 | F5: 1.104 | G5: 1.0909 | H5: 1.0944 | I5: 1.2496 | J5: 1.2118 | K5: 1.0644 | L5: 0.888 | M5: 0.883 | N5: 0.8657 | O5: 0.8375 | P5: 0.9106 | Q5: 0.9073 | R5: 0.8749 | S5: 0.8306 | T5: 0.8306 | U5: 0.9681 | V5: 0.9547 | W5: 0.8427 | X5: 0.7996 | Y5: 0.7466 | Z5: 0.747 | AA5: 0.7718 | AB5: 0.7416 | AC5: 0.7227 | AD5: 0.5937 | AE5: 0.5663 | AF5: 0.5948 | AG5: 0.6482 | AH5: 0.6506 | AI5: 0.6075 | AJ5: 0.5989 | AK5: 0.5955 | AL5: 0.5472 | AM5: 0.5295 | AN5: 0.5041 | AO5: 0.5368 | AP5: 0.5034 | AQ5: 0.5221 | AR5: 0.5141 | AS5: 0.5131 | AT5: 0.5088 | AU5: 0.4351 | AV5: 0.4291 | AW5: 0.4188 | AX5: 0.4176 | AY5: 0.3695 | AZ5: 0.3695 | BA5: 0.3461 | BB5: 0.3236 | BC5: 0.3063 | BD5: 0.3033 | BE5: 0.3411 | BF5: } | BG5: =BE5+BE6+BE7 -> 1.0395 | BH5: /ccf | BI5: 0.3461 | BJ5: } | BK5: =BI5+BI6+BI7 -> 1.0136 | BL5: /ccf | BM5: 0.3461 | BR5: }
B6: DISTRIBUTION | C6: 0.3735 | D6: 0.3735 | E6: 0.3735 | F6: 0.3735 | G6: 0.4597 | H6: 0.4597 | I6: 0.4597 | J6: =I6 -> 0.4597 | K6: 0.4774 | L6: =K6 -> 0.4774 | M6: =L6 -> 0.4774 | N6: =M6 -> 0.4774 | O6: 0.4756 | P6: =O6 -> 0.4756 | Q6: =P6 -> 0.4756 | R6: =Q6 -> 0.4756 | S6: 0.4805 | T6: 0.4805 | U6: =T6 -> 0.4805 | V6: =U6 -> 0.4805 | W6: 0.5604 | X6: =W6 -> 0.5604 | Y6: =X6 -> 0.5604 | Z6: 0.5774 | AA6: 0.5774 | AB6: 0.5774 | AC6: 0.5774 | AD6: 0.6073 | AE6: =AD6 -> 0.6073 | AF6: =+AE6 -> 0.6073 | AG6: =+AF6 -> 0.6073 | AH6: 0.5799 | AI6: =+AH6 -> 0.5799 | AJ6: 0.5799 | AK6: 0.5799 | AL6: 0.5886 | AM6: 0.5718 | AN6: 0.5718 | AO6: 0.5732 | AP6: 0.5732 | AQ6: 0.5732 | AR6: 0.5732 | AS6: 0.5962 | AT6: 0.5962 | AU6: 0.5962 | AV6: 0.5962 | AW6: 0.6195 | AX6: 0.6195 | AY6: =AX6 -> 0.6195 | AZ6: =AY6 -> 0.6195 | BA6: =AZ6 -> 0.6195 | BB6: 0.6504 | BC6: 0.6504 | BD6: 0.6504 | BE6: 0.6504 | BI6: =AY6 -> 0.6195 | BM6: =BE6 -> 0.6504
B7: EEU | AM7: 0.0453 | AN7: 0.0453 | AO7: 0.0453 | AP7: 0.0511 | AQ7: 0.0511 | AR7: 0.0511 | AS7: 0.0511 | AT7: 0.0504 | AU7: 0.0504 | AV7: 0.0504 | AW7: 0.0504 | AX7: 0.048 | AY7: =AX7 -> 0.048 | AZ7: =AY7 -> 0.048 | BA7: =AZ7 -> 0.048 | BB7: 0.048 | BC7: 0.048 | BD7: 0.048 | BE7: 0.048 | BI7: =AY7 -> 0.048 | BM7: ='Prop EEC 2021 Rates VGS'!H7 -> 0.04947 | BS7: =AW5+AW6+AW7 -> 1.0887 | BT7: /ccf
B8: LIAP | AB8: 1.39 | AC8: =+AB8 -> 1.39 | AD8: =+AC8 -> 1.39 | AE8: =+AD8 -> 1.39 | AF8: =+AE8 -> 1.39 | AG8: =+AF8 -> 1.39 | AH8: 0.78 | AI8: =+AH8 -> 0.78 | AJ8: 0.78 | AK8: 0.78 | AL8: 0.69 | AM8: 0.69 | AN8: 0.69 | AO8: 0.69 | AP8: 0.11 | AQ8: 0.11 | AR8: 0.11 | AS8: 0.11 | AT8: 0.11 | AU8: 0.11 | AV8: 0.11 | AW8: 0.11 | AX8: 0.11 | AY8: =AX8 -> 0.11 | AZ8: =AY8 -> 0.11 | BA8: =AZ8 -> 0.11 | BB8: 0.11 | BC8: 0.11 | BD8: 0.11 | BE8: 0.11 | BI8: =AY8 -> 0.11 | BM8: =BE8 -> 0.11
B9: 2018 Tax Adj | AT9: -0.0749 | AU9: -0.0749 | AV9: -0.0749 | AW9: 0 | BR9: } | BS9: =BS7+AW9 -> 1.0887 | BT9: =BT7 -> /ccf
A11: G1 | B11: ACCESS | C11: 0.791 | D11: 0.791 | E11: 0.791 | F11: 0.791 | G11: 0.9735 | H11: 0.9735 | I11: 0.9735 | J11: =I11 -> 0.9735 | K11: 1.0109 | L11: =K11 -> 1.0109 | M11: =L11 -> 1.0109 | N11: =M11 -> 1.0109 | O11: 1.007 | P11: =O11 -> 1.007 | Q11: =P11 -> 1.007 | R11: =Q11 -> 1.007 | S11: 1.0174 | T11: 1.0174 | U11: =T11 -> 1.0174 | V11: =U11 -> 1.0174 | W11: 1.0256 | X11: =W11 -> 1.0256 | Y11: =X11 -> 1.0256 | Z11: 1.0567 | AA11: 1.0567 | AB11: 1.0567 | AC11: 1.0567 | AD11: 1.1284 | AE11: =AD11 -> 1.1284 | AF11: =+AE11 -> 1.1284 | AG11: =+AF11 -> 1.1284 | AH11: 1.094 | AI11: =+AH11 -> 1.094 | AJ11: 1.094 | AK11: 1.094 | AL11: 1.1105 | AM11: 1.1105 | AN11: 1.1105 | AO11: 1.1133 | AP11: 1.1133 | AQ11: 1.1133 | AR11: 1.1133 | AS11: 1.1579 | AT11: 1.1579 | AU11: 1.1579 | AV11: 1.1579 | AW11: 1.2032 | AX11: 1.2032 | AY11: =AX11 -> 1.2032 | AZ11: =AY11 -> 1.2032 | BA11: =AZ11 -> 1.2032 | BB11: 1.2632 | BC11: 1.2632 | BD11: 1.2632 | BE11: 1.2632 | BI11: =AY11 -> 1.2032 | BM11: =BE11 -> 1.2632
B12: GAS | C12: 1.052 | D12: 1.1416 | E12: 1.2255 | F12: 1.1739 | G12: 1.1599 | H12: 1.1637 | I12: 1.3287 | J12: 1.2885 | K12: 1.1318 | L12: 0.9442 | M12: 0.9389 | N12: 0.9205 | O12: 0.8905 | P12: 0.9682 | Q12: 0.9647 | R12: 0.9303 | S12: 0.8831 | T12: 0.8831 | U12: 1.0294 | V12: 1.0151 | W12: 0.8961 | X12: 0.8503 | Y12: 0.7939 | Z12: 0.7944 | AA12: 0.8207 | AB12: 0.7886 | AC12: 0.7685 | AD12: 0.6595 | AE12: 0.6292 | AF12: 0.6609 | AG12: 0.7203 | AH12: 0.7554 | AI12: 0.7054 | AJ12: 0.6954 | AK12: 0.6915 | AL12: 0.6354 | AM12: 0.6148 | AN12: 0.5854 | AO12: 0.6235 | AP12: 0.5847 | AQ12: 0.6065 | AR12: 0.5972 | AS12: 0.596 | AT12: 0.591 | AU12: 0.5054 | AV12: 0.4984 | AW12: 0.4864 | AX12: 0.4851 | AY12: 0.4293 | AZ12: 0.4293 | BA12: 0.4021 | BB12: 0.3759 | BC12: 0.3558 | BD12: 0.3524 | BE12: 0.3963 | BF12: } | BG12: =BE12+BE13+BE14 -> 0.9477 | BI12: 0.4021 | BJ12: } | BK12: =BI12+BI13+BI14 -> 0.9295 | BM12: 0.4021 | BR12: }
B13: DISTRIBUTION | C13: 0.2574 | D13: 0.2574 | E13: 0.2574 | F13: 0.2574 | G13: 0.3168 | H13: 0.3168 | I13: 0.3168 | J13: =I13 -> 0.3168 | K13: 0.329 | L13: =K13 -> 0.329 | M13: =L13 -> 0.329 | N13: =M13 -> 0.329 | O13: 0.3277 | P13: =O13 -> 0.3277 | Q13: =P13 -> 0.3277 | R13: =Q13 -> 0.3277 | S13: 0.3311 | T13: 0.3311 | U13: =T13 -> 0.3311 | V13: =U13 -> 0.3311 | W13: 0.4146 | X13: =W13 -> 0.4146 | Y13: =X13 -> 0.4146 | Z13: 0.4272 | AA13: 0.4272 | AB13: 0.4272 | AC13: 0.4272 | AD13: 0.4608 | AE13: =AD13 -> 0.4608 | AF13: =+AE13 -> 0.4608 | AG13: =+AF13 -> 0.4608 | AH13: 0.4511 | AI13: =+AH13 -> 0.4511 | AJ13: 0.4511 | AK13: 0.4511 | AL13: 0.4579 | AM13: 0.4449 | AN13: 0.4449 | AO13: 0.446 | AP13: 0.446 | AQ13: 0.446 | AR13: 0.446 | AS13: 0.4639 | AT13: 0.4639 | AU13: 0.4639 | AV13: 0.4639 | AW13: 0.482 | AX13: 0.482 | AY13: =AX13 -> 0.482 | AZ13: =AY13 -> 0.482 | BA13: =AZ13 -> 0.482 | BB13: 0.506 | BC13: 0.506 | BD13: 0.506 | BE13: 0.506 | BH13: /ccf | BI13: =AY13 -> 0.482 | BL13: /ccf | BM13: =BE13 -> 0.506 | BS13: =AW12+AW13+AW14 -> 1.016 | BT13: /ccf
B14: EEU | AM14: 0.0428 | AN14: 0.0428 | AO14: 0.0428 | AP14: 0.0482 | AQ14: 0.0482 | AR14: 0.0482 | AS14: 0.0482 | AT14: 0.0476 | AU14: 0.0476 | AV14: 0.0476 | AW14: 0.0476 | AX14: 0.0454 | AY14: =AX14 -> 0.0454 | AZ14: =AY14 -> 0.0454 | BA14: =AZ14 -> 0.0454 | BB14: 0.0454 | BC14: 0.0454 | BD14: 0.0454 | BE14: 0.0454 | BI14: =AY14 -> 0.0454 | BM14: ='Prop EEC 2021 Rates VGS'!H$9 -> 0.04679
B15: LIAP | AB15: 1.85 | AC15: =+AB15 -> 1.85 | AD15: =+AC15 -> 1.85 | AE15: =+AD15 -> 1.85 | AF15: =+AE15 -> 1.85 | AG15: =+AF15 -> 1.85 | AH15: 1.1 | AI15: =+AH15 -> 1.1 | AJ15: 1.1 | AK15: 1.1 | AL15: 0.99 | AM15: 0.99 | AN15: 0.99 | AO15: 0.99 | AP15: 0.16 | AQ15: 0.16 | AR15: 0.16 | AS15: 0.16 | AT15: 0.16 | AU15: 0.16 | AV15: 0.16 | AW15: 0.16 | AX15: 0.16 | AY15: =AX15 -> 0.16 | AZ15: =AY15 -> 0.16 | BA15: =AZ15 -> 0.16 | BB15: 0.16 | BC15: 0.16 | BD15: 0.16 | BE15: 0.16 | BI15: =AY15 -> 0.16 | BM15: =BE15 -> 0.16
B16: 2018 Tax Adj | AT16: -0.0628 | AU16: -0.0628 | AV16: -0.0628 | AW16: 0 | BR16: } | BS16: =BS13+AW16 -> 1.016 | BT16: /ccf
A18: G2 | B18: ACCESS | C18: 0.791 | D18: 0.791 | E18: 0.791 | F18: 0.791 | G18: 0.9735 | H18: 0.9735 | I18: 0.9735 | J18: =I18 -> 0.9735 | K18: 1.0109 | L18: =K18 -> 1.0109 | M18: =L18 -> 1.0109 | N18: =M18 -> 1.0109 | O18: 1.007 | P18: =O18 -> 1.007 | Q18: =P18 -> 1.007 | R18: =Q18 -> 1.007 | S18: 1.0174 | T18: 1.0174 | U18: =T18 -> 1.0174 | V18: =U18 -> 1.0174 | W18: 1.0256 | X18: =W18 -> 1.0256 | Y18: =X18 -> 1.0256 | Z18: 1.0567 | AA18: 1.0567 | AB18: 1.0567 | AC18: 1.0567 | AD18: 1.1284 | AE18: =AD18 -> 1.1284 | AF18: =+AE18 -> 1.1284 | AG18: =+AF18 -> 1.1284 | AH18: 1.094 | AI18: =+AH18 -> 1.094 | AJ18: 1.094 | AK18: 1.094 | AL18: 1.1105 | AM18: 1.1105 | AN18: 1.1105 | AO18: 1.1133 | AP18: 1.1133 | AQ18: 1.1133 | AR18: 1.1133 | AS18: 1.1579 | AT18: 1.1579 | AU18: 1.1579 | AV18: 1.1579 | AW18: 1.2032 | AX18: 1.2032 | AY18: =AX18 -> 1.2032 | AZ18: =AY18 -> 1.2032 | BA18: =AZ18 -> 1.2032 | BB18: 1.2632 | BC18: 1.2632 | BD18: 1.2632 | BE18: 1.2632 | BI18: =AY18 -> 1.2032 | BM18: =BE18 -> 1.2632
B19: GAS | C19: 0.9015 | D19: 0.9783 | E19: 1.0501 | F19: 1.0059 | G19: 0.994 | H19: 0.9972 | I19: 1.1386 | J19: 1.1041 | K19: 0.9699 | L19: 0.8091 | M19: 0.8045 | N19: 0.7888 | O19: 0.7631 | P19: 0.8297 | Q19: 0.8267 | R19: 0.7972 | S19: 0.7568 | T19: 0.7568 | U19: 0.8821 | V19: 0.8699 | W19: 0.7679 | X19: 0.7287 | Y19: 0.6803 | Z19: 0.6807 | AA19: 0.7032 | AB19: 0.6757 | AC19: 0.6585 | AD19: 0.5251 | AE19: 0.501 | AF19: 0.5262 | AG19: 0.5735 | AH19: 0.5582 | AI19: 0.5212 | AJ19: 0.5138 | AK19: 0.5109 | AL19: 0.4694 | AM19: 0.4542 | AN19: 0.4325 | AO19: 0.4606 | AP19: 0.4319 | AQ19: 0.448 | AR19: 0.4411 | AS19: 0.4403 | AT19: 0.4366 | AU19: 0.3733 | AV19: 0.3682 | AW19: 0.3594 | AX19: 0.3584 | AY19: =[9]Sheet1!$H$32 -> 0.3171 | AZ19: =[9]Sheet1!$H$32 -> 0.3171 | BA19: 0.2971 | BB19: 0.2778 | BC19: 0.2629 | BD19: 0.2604 | BE19: 0.2928 | BF19: } | BG19: =BE19+BE20+BE21 -> 0.7492 | BH19: /ccf | BI19: 0.2971 | BJ19: } | BK19: =BI19+BI20+BI21 -> 0.7335 | BL19: /ccf | BM19: 0.2971 | BR19: } | BS19: =AW19+AW20+AW21 -> 0.7975 | BT19: /ccf
B20: DISTRIBUTION | C20: 0.353 | D20: 0.353 | E20: 0.353 | F20: 0.353 | G20: 0.4344 | H20: 0.4344 | I20: 0.4344 | J20: =I20 -> 0.4344 | K20: 0.4511 | L20: =K20 -> 0.4511 | M20: =L20 -> 0.4511 | N20: =M20 -> 0.4511 | O20: 0.4494 | P20: =O20 -> 0.4494 | Q20: =P20 -> 0.4494 | R20: =Q20 -> 0.4494 | S20: 0.454 | T20: 0.454 | U20: =T20 -> 0.454 | V20: =U20 -> 0.454 | W20: 0.5269 | X20: =W20 -> 0.5269 | Y20: =X20 -> 0.5269 | Z20: 0.5429 | AA20: 0.5429 | AB20: 0.5429 | AC20: 0.5429 | AD20: 0.4835 | AE20: =AD20 -> 0.4835 | AF20: =+AE20 -> 0.4835 | AG20: =+AF20 -> 0.4835 | AH20: 0.3755 | AI20: =+AH20 -> 0.3755 | AJ20: 0.3755 | AK20: 0.3755 | AL20: 0.3812 | AM20: 0.3703 | AN20: 0.3703 | AO20: 0.3712 | AP20: 0.3712 | AQ20: 0.3712 | AR20: 0.3712 | AS20: 0.3861 | AT20: 0.3861 | AU20: 0.3861 | AV20: 0.3861 | AW20: 0.4012 | AX20: 0.4012 | AY20: =AX20 -> 0.4012 | AZ20: =AY20 -> 0.4012 | BA20: =AZ20 -> 0.4012 | BB20: 0.4212 | BC20: 0.4212 | BD20: 0.4212 | BE20: 0.4212 | BI20: =AY20 -> 0.4012 | BM20: =BE20 -> 0.4212
B21: EEU | AM21: 0.0332 | AN21: 0.0332 | AO21: 0.0332 | AP21: 0.0374 | AQ21: 0.0374 | AR21: 0.0374 | AS21: 0.0374 | AT21: 0.0369 | AU21: 0.0369 | AV21: 0.0369 | AW21: 0.0369 | AX21: 0.0352 | AY21: =AX21 -> 0.0352 | AZ21: =AY21 -> 0.0352 | BA21: =AZ21 -> 0.0352 | BB21: 0.0352 | BC21: 0.0352 | BD21: 0.0352 | BE21: 0.0352 | BI21: =AY21 -> 0.0352 | BM21: ='Prop EEC 2021 Rates VGS'!H$10 -> 0.03628 | BR21: }
B22: LIAP | AB22: 2.38 | AC22: =+AB22 -> 2.38 | AD22: =+AC22 -> 2.38 | AE22: =+AD22 -> 2.38 | AF22: =+AE22 -> 2.38 | AG22: =+AF22 -> 2.38 | AH22: 1.15 | AI22: =+AH22 -> 1.15 | AJ22: 1.15 | AK22: 1.15 | AL22: 1 | AM22: 1 | AN22: 1 | AO22: 1 | AP22: 0.16 | AQ22: 0.16 | AR22: 0.16 | AS22: 0.16 | AT22: 0.16 | AU22: 0.16 | AV22: 0.16 | AW22: 0.16 | AX22: 0.16 | AY22: =AX22 -> 0.16 | AZ22: =AY22 -> 0.16 | BA22: =AZ22 -> 0.16 | BB22: 0.6 | BC22: 0.6 | BD22: 0.6 | BE22: 0.6 | BI22: =AY22 -> 0.16 | BM22: =BE22 -> 0.6
B23: =B16 -> 2018 Tax Adj | AT23: -0.0467 | AU23: -0.0467 | AV23: -0.0467 | AW23: 0 | BR23: } | BS23: =BS19+AW23 -> 0.7975 | BT23: /ccf
A25: G3 | B25: ACCESS | C25: 2.5237 | D25: 2.5237 | E25: 2.5237 | F25: 2.5237 | G25: 3.1059 | H25: 3.1059 | I25: 3.1059 | J25: =I25 -> 3.1059 | K25: 3.2253 | L25: =K25 -> 3.2253 | M25: =L25 -> 3.2253 | N25: =M25 -> 3.2253 | O25: 3.2128 | P25: =O25 -> 3.2128 | Q25: =P25 -> 3.2128 | R25: =Q25 -> 3.2128 | S25: 3.246 | T25: 3.246 | U25: =T25 -> 3.246 | V25: =U25 -> 3.246 | W25: 3.2723 | X25: =W25 -> 3.2723 | Y25: =X25 -> 3.2723 | Z25: 3.3715 | AA25: 3.3715 | AB25: 3.3715 | AC25: 3.3715 | AD25: 3.6003 | AE25: =AD25 -> 3.6003 | AF25: =+AE25 -> 3.6003 | AG25: =+AF25 -> 3.6003 | AH25: 3.4906 | AI25: =+AH25 -> 3.4906 | AJ25: 3.4906 | AK25: 3.4906 | AL25: 3.5432 | AM25: 3.5432 | AN25: 3.5432 | AO25: 3.5521 | AP25: 3.5521 | AQ25: 3.5521 | AR25: 3.5521 | AS25: 3.6944 | AT25: 3.6944 | AU25: 3.6944 | AV25: 3.6944 | AW25: 3.8388 | AX25: 3.8388 | AY25: =AX25 -> 3.8388 | AZ25: =AY25 -> 3.8388 | BA25: =AZ25 -> 3.8388 | BB25: 4.0303 | BC25: 4.0303 | BD25: 4.0303 | BE25: 4.0303 | BI25: =AY25 -> 3.8388 | BM25: =BE25 -> 4.0303
B26: GAS | C26: 1.0425 | D26: 1.1312 | E26: 1.2143 | F26: 1.1632 | G26: 1.1494 | H26: 1.1531 | I26: 1.3166 | J26: 1.2767 | K26: 1.1215 | L26: 0.9357 | M26: 0.9303 | N26: 0.9121 | O26: 0.8824 | P26: 0.9594 | Q26: 0.9559 | R26: 0.9218 | S26: 0.871 | T26: 0.871 | U26: 1.02 | V26: 1.0059 | W26: 0.888 | X26: 0.8426 | Y26: 0.7867 | Z26: 0.7871 | AA26: 0.8131 | AB26: 0.7813 | AC26: 0.7614 | AD26: 0.6458 | AE26: 0.6161 | AF26: 0.6472 | AG26: 0.7053 | AH26: 0.7308 | AI26: 0.6824 | AJ26: 0.6727 | AK26: 0.6689 | AL26: 0.6146 | AM26: 0.5948 | AN26: 0.5664 | AO26: 0.6033 | AP26: 0.5658 | AQ26: 0.5869 | AR26: 0.5779 | AS26: 0.5768 | AT26: 0.572 | AU26: 0.4891 | AV26: 0.4823 | AW26: 0.4707 | AX26: 0.4694 | AY26: =[9]Sheet1!$H$43 -> 0.4154 | AZ26: =[9]Sheet1!$H$43 -> 0.4154 | BA26: 0.3891 | BB26: 0.3638 | BC26: 0.3443 | BD26: 0.341 | BE26: 0.3835 | BF26: } | BG26: =BE26+BE27+BE28 -> 0.807 | BH26: /ccf | BI26: 0.3891 | BJ26: } | BK26: =BI26+BI27+BI28 -> 0.7942 | BL26: /ccf | BM26: 0.3891 | BR26: } | BS26: =AW26+AW27+AW28 -> 0.8776 | BT26: /ccf
B27: DISTRIBUTION | C27: 0.1708 | D27: 0.1708 | E27: 0.1708 | F27: 0.1708 | G27: 0.2102 | H27: 0.2102 | I27: 0.2102 | J27: =I27 -> 0.2102 | K27: 0.2183 | L27: =K27 -> 0.2183 | M27: =L27 -> 0.2183 | N27: =M27 -> 0.2183 | O27: 0.2175 | P27: =O27 -> 0.2175 | Q27: =P27 -> 0.2175 | R27: =Q27 -> 0.2175 | S27: 0.2197 | T27: 0.2197 | U27: =T27 -> 0.2197 | V27: =U27 -> 0.2197 | W27: 0.3015 | X27: =W27 -> 0.3015 | Y27: =X27 -> 0.3015 | Z27: 0.3106 | AA27: 0.3106 | AB27: 0.3106 | AC27: 0.3106 | AD27: 0.3443 | AE27: =AD27 -> 0.3443 | AF27: =+AE27 -> 0.3443 | AG27: =+AF27 -> 0.3443 | AH27: 0.346 | AI27: =+AH27 -> 0.346 | AJ27: 0.346 | AK27: 0.346 | AL27: 0.3512 | AM27: 0.3412 | AN27: 0.3412 | AO27: 0.3421 | AP27: 0.3421 | AQ27: 0.3421 | AR27: 0.3421 | AS27: 0.3558 | AT27: 0.3558 | AU27: 0.3558 | AV27: 0.3558 | AW27: 0.3697 | AX27: 0.3697 | AY27: =AX27 -> 0.3697 | AZ27: =AY27 -> 0.3697 | BA27: =AZ27 -> 0.3697 | BB27: 0.3881 | BC27: 0.3881 | BD27: 0.3881 | BE27: 0.3881 | BI27: =AY27 -> 0.3697 | BM27: =BE27 -> 0.3881
B28: EEU | AM28: 0.0334 | AN28: 0.0334 | AO28: 0.0334 | AP28: 0.0377 | AQ28: 0.0377 | AR28: 0.0377 | AS28: 0.0377 | AT28: 0.0372 | AU28: 0.0372 | AV28: 0.0372 | AW28: 0.0372 | AX28: 0.0354 | AY28: =AX28 -> 0.0354 | AZ28: =AY28 -> 0.0354 | BA28: =AZ28 -> 0.0354 | BB28: 0.0354 | BC28: 0.0354 | BD28: 0.0354 | BE28: 0.0354 | BI28: =AY28 -> 0.0354 | BM28: ='Prop EEC 2021 Rates VGS'!H$11 -> 0.03649 | BR28: }
B29: LIAP | AB29: 12.91 | AC29: =+AB29 -> 12.91 | AD29: =+AC29 -> 12.91 | AE29: =+AD29 -> 12.91 | AF29: =+AE29 -> 12.91 | AG29: =+AF29 -> 12.91 | AH29: 7.5 | AI29: =+AH29 -> 7.5 | AJ29: 7.5 | AK29: 7.5 | AL29: 6.48 | AM29: 6.48 | AN29: 6.48 | AO29: 6.48 | AP29: 1.05 | AQ29: 1.05 | AR29: 1.05 | AS29: 1.05 | AT29: 1.05 | AU29: 1.05 | AV29: 1.05 | AW29: 1.05 | AX29: 1.05 | AY29: =AX29 -> 1.05 | AZ29: =AY29 -> 1.05 | BA29: =AZ29 -> 1.05 | BB29: 1.05 | BC29: 1.05 | BD29: 1.05 | BE29: 1.05 | BI29: =AY29 -> 1.05 | BM29: =BE29 -> 1.05
B30: =B23 -> 2018 Tax Adj | AT30: -0.0387 | AU30: -0.0387 | AV30: -0.0387 | AW30: 0 | BS30: =BS26+AW30 -> 0.8776 | BT30: /ccf
A32: G4 | B32: ACCESS | C32: 2.5237 | D32: 2.5237 | E32: 2.5237 | F32: 2.5237 | G32: 3.1059 | H32: 3.1059 | I32: 3.1059 | J32: =I32 -> 3.1059 | K32: 3.2253 | L32: =K32 -> 3.2253 | M32: =L32 -> 3.2253 | N32: =M32 -> 3.2253 | O32: 3.2128 | P32: =O32 -> 3.2128 | Q32: =P32 -> 3.2128 | R32: =Q32 -> 3.2128 | S32: 3.246 | T32: 3.246 | U32: =T32 -> 3.246 | V32: =U32 -> 3.246 | W32: 3.2723 | X32: =W32 -> 3.2723 | Y32: =X32 -> 3.2723 | Z32: 3.3715 | AA32: 3.3715 | AB32: 3.3715 | AC32: 3.3715 | AD32: 3.6003 | AE32: =AD32 -> 3.6003 | AF32: =+AE32 -> 3.6003 | AG32: =+AF32 -> 3.6003 | AH32: 3.4906 | AI32: =+AH32 -> 3.4906 | AJ32: 3.4906 | AK32: 3.4906 | AL32: 3.5432 | AM32: 3.5432 | AN32: 3.5432 | AO32: 3.5521 | AP32: 3.5521 | AQ32: 3.5521 | AR32: 3.5521 | AS32: 3.6944 | AT32: 3.6944 | AU32: 3.6944 | AV32: 3.6944 | AW32: 3.8388 | AX32: 3.8388 | AY32: =AX32 -> 3.8388 | AZ32: =AY32 -> 3.8388 | BA32: =AZ32 -> 3.8388 | BB32: 4.0303 | BC32: 4.0303 | BD32: 4.0303 | BE32: 4.0303 | BI32: =AY32 -> 3.8388 | BM32: =BE32 -> 4.0303
B33: GAS | C33: 0.8969 | D33: 0.9733 | E33: 1.0448 | F33: 1.0008 | G33: 0.9889 | H33: 0.9921 | I33: 1.1328 | J33: 1.0985 | K33: 0.9649 | L33: 0.805 | M33: 0.8004 | N33: 0.7848 | O33: 0.7592 | P33: 0.8254 | Q33: 0.8224 | R33: 0.7931 | S33: 0.7529 | T33: 0.7529 | U33: 0.8776 | V33: 0.8654 | W33: 0.764 | X33: 0.7249 | Y33: 0.6768 | Z33: 0.6772 | AA33: 0.6996 | AB33: 0.6722 | AC33: 0.6551 | AD33: 0.5234 | AE33: 0.4993 | AF33: 0.5244 | AG33: 0.5715 | AH33: 0.5572 | AI33: 0.5203 | AJ33: 0.5129 | AK33: 0.51 | AL33: 0.4686 | AM33: 0.4535 | AN33: 0.4318 | AO33: 0.4598 | AP33: 0.4312 | AQ33: 0.4473 | AR33: 0.4404 | AS33: 0.4396 | AT33: 0.4359 | AU33: 0.3727 | AV33: 0.3676 | AW33: 0.3588 | AX33: 0.3578 | AY33: =[9]Sheet1!$H$54 -> 0.3166 | AZ33: =[9]Sheet1!$H$54 -> 0.3166 | BA33: 0.2966 | BB33: 0.2773 | BC33: 0.2624 | BD33: 0.2599 | BE33: 0.2923 | BF33: } | BG33: =BE33+BE34+BE35 -> 0.6459 | BH33: /ccf | BI33: 0.2966 | BJ33: } | BK33: =BI33+BI34+BI35 -> 0.6347 | BL33: /ccf | BM33: 0.2966 | BR33: } | BS33: =AW33+AW34+AW35 -> 0.6983 | BT33: /ccf
B34: DISTRIBUTION | C34: 0.1179 | D34: 0.1179 | E34: 0.1179 | F34: 0.1179 | G34: 0.1451 | H34: 0.1451 | I34: 0.1451 | J34: =I34 -> 0.1451 | K34: 0.1507 | L34: =K34 -> 0.1507 | M34: =L34 -> 0.1507 | N34: =M34 -> 0.1507 | O34: 0.1501 | P34: =O34 -> 0.1501 | Q34: =P34 -> 0.1501 | R34: =Q34 -> 0.1501 | S34: 0.1516 | T34: 0.1516 | U34: =T34 -> 0.1516 | V34: =U34 -> 0.1516 | W34: 0.2217 | X34: =W34 -> 0.2217 | Y34: =X34 -> 0.2217 | Z34: 0.2284 | AA34: 0.2284 | AB34: 0.2284 | AC34: 0.2284 | AD34: 0.272 | AE34: =AD34 -> 0.272 | AF34: =+AE34 -> 0.272 | AG34: =+AF34 -> 0.272 | AH34: 0.2909 | AI34: =+AH34 -> 0.2909 | AJ34: 0.2909 | AK34: 0.2909 | AL34: 0.2953 | AM34: 0.2869 | AN34: 0.2869 | AO34: 0.2876 | AP34: 0.2876 | AQ34: 0.2876 | AR34: 0.2876 | AS34: 0.2991 | AT34: 0.2991 | AU34: 0.2991 | AV34: 0.2991 | AW34: 0.3108 | AX34: 0.3108 | AY34: =AX34 -> 0.3108 | AZ34: =AY34 -> 0.3108 | BA34: =AZ34 -> 0.3108 | BB34: 0.3263 | BC34: 0.3263 | BD34: 0.3263 | BE34: 0.3263 | BI34: =AY34 -> 0.3108 | BM34: =BE34 -> 0.3263
B35: EEU | AM35: 0.0258 | AN35: 0.0258 | AO35: 0.0258 | AP35: 0.0291 | AQ35: 0.0291 | AR35: 0.0291 | AS35: 0.0291 | AT35: 0.0287 | AU35: 0.0287 | AV35: 0.0287 | AW35: 0.0287 | AX35: 0.0273 | AY35: =AX35 -> 0.0273 | AZ35: =AY35 -> 0.0273 | BA35: =AZ35 -> 0.0273 | BB35: 0.0273 | BC35: 0.0273 | BD35: 0.0273 | BE35: 0.0273 | BI35: =AY35 -> 0.0273 | BM35: ='Prop EEC 2021 Rates VGS'!H$12 -> 0.02814 | BR35: } | BT35: /ccf
B36: LIAP | AB36: 17.99 | AC36: =+AB36 -> 17.99 | AD36: =+AC36 -> 17.99 | AE36: =+AD36 -> 17.99 | AF36: =+AE36 -> 17.99 | AG36: =+AF36 -> 17.99 | AH36: 10.84 | AI36: =+AH36 -> 10.84 | AJ36: 10.84 | AK36: 10.84 | AL36: 9.09 | AM36: 9.09 | AN36: 9.09 | AO36: 9.09 | AP36: 1.47 | AQ36: 1.47 | AR36: 1.47 | AS36: 1.47 | AT36: 1.47 | AU36: 1.47 | AV36: 1.47 | AW36: 1.47 | AX36: 1.47 | AY36: =AX36 -> 1.47 | AZ36: =AY36 -> 1.47 | BA36: =AZ36 -> 1.47 | BB36: 1.47 | BC36: 1.47 | BD36: 1.47 | BE36: 1.47 | BI36: =AY36 -> 1.47 | BM36: =BE36 -> 1.47
B37: =B30 -> 2018 Tax Adj | AT37: -0.0279 | AU37: -0.0279 | AV37: -0.0279 | AW37: 0 | BS37: =BS33+AW37 -> 0.6983 | BT37: /ccf
AX39: 1.2931 | AY39: 1.3023 | AZ39: 1.3023 | BA39: 1.1781 | BB39: 1.1964 | BC39: 1.3243 | BD39: 1.2995 | BE39: 1.2416 | BI39: 1.1781 | BM39: 1.1781
A40: Notes:
A41: Access charged per day
A42: Gas, Distribution & EEU charged per ccf
A43: LIAP charged per # of meters per month
A44: 2018 Tax Adj. for Feb-Oct 2018 bills
A45: L:\EVERYONE\TARIFFS
A46: Bills rendered on or after
